 Dungeon Crawl Stone Soup version 0.24.0-13-gcf9b3192b9 (webtiles) character file.

Game seed: 17882804599661379233, levelgen mode: deterministic

13563988 Shavain the Conqueror (level 27, 199/199 HPs)
             Began as a Gargoyle Fighter on Oct 27, 2019.
             Was the Champion of the Shining One.
             Escaped with the Orb
             ... and 15 runes on Nov 9, 2019!
             The game lasted 10:49:41 (119085 turns).

Shavain the Conqueror (Gargoyle Fighter)          Turns: 119085, Time: 10:49:41

Health: 199/199    AC: 68    Str: 51    XL:     27
Magic:  39/42      EV: 28    Int: 12    God:    the Shining One [******]
Gold:   16284      SH: 48    Dex: 15    Spells: 50/56 levels left

rFire    + + +     SeeInvis +   T - +9 eveningstar (holy)
rCold    + + .     Gourm    .   u - +0 large shield of Undesirable Species {rPois Regen+ Str+7 Int-4}
rNeg     + + +     Faith    .   Z - +9 plate armour of the Desolation of Salt {MR+ Regen+ Str-5 Dex+3}
rPois    ∞         Spirit   .   a - +0 helmet "Suisteen" {+Fly Regen+ Int+3}
rElec    +         Reflect  .   l - +4 dragonskin cloak
rCorr    .         Harm     .   S - +0 pair of gloves "Qastream" {MR+ Str+4} (curse)
MR       ++++.                  C - +2 pair of boots {run}
Stlth    ..........             m - amulet of Existentialism {*Corrode rF+++ Regen+ Str+4 SInv}
HPRegen  2.43/turn              O - ring "Jesoiteo" {rF+ rC+ Str+3 Dex+3 Slay+2}
MPRegen  0.28/turn              c - ring "Etrim" {rC+ rN+ Str+7}

@: divine shield, flying, glowing, quick
A: big wings, icy blue scales 1, thin skeletal structure 1, clever 1, clumsy 1,
mutation resistance 1, negative energy resistance 1, regeneration 1, electricity
resistance, unbreathing, petrification resistance, rot immunity, AC +20
0: Orb of Zot
}: 15/15 runes: decaying, serpentine, slimy, silver, golden, iron, obsidian,
icy, bone, abyssal, demonic, glowing, magical, fiery, dark
a: Stop Flying, Divine Shield, Cleansing Flame, Summon Divine Warrior, Renounce
Religion


You escaped.
You worshipped the Shining One.
The Shining One was exalted by your worship.
You were not hungry.

You visited 18 branches of the dungeon, and saw 87 of its levels.
You visited Pandemonium 1 time, and saw 13 of its levels.
You visited the Abyss 4 times.
You also visited: Gauntlet, Ice Cave and Wizlab.

You collected 20059 gold pieces.
You spent 3775 gold pieces at shops.

Inventory:

Hand Weapons
 H - the +2 hand crossbow "Dragon's Tongue" {elec, Dex+2}
   (Okawaru gifted it to you on level 14 of the Dungeon)

   It charges the ammunition it shoots with electricity; occasionally upon a
   hit, such missiles may discharge and cause terrible harm.
   It affects your dexterity (+2).
 T - a +9 eveningstar of holy wrath (weapon)
 U - a +9 eveningstar of crushing
Missiles
 j - 2077 bolts
Armour
 a - the +0 helmet "Suisteen" (worn) {+Fly Regen+ Int+3}
   (You found it on level 3 of the Depths)

   It affects your intelligence (+3).
   It lets you fly.
   It increases your rate of regeneration.
 l - the +4 dragonskin cloak (worn)
   (You took it off Tiamat on level 4 of the Realm of Zot)
 u - the +0 large shield of Undesirable Species (worn) {rPois Regen+ Str+7 Int-4}
   (Okawaru gifted it to you on level 15 of the Dungeon)

   It affects your strength (+7).
   It affects your intelligence (-4).
   It protects you from poison.
   It increases your rate of regeneration.
 C - a +2 pair of boots of running (worn)
 S - the cursed +0 pair of gloves "Qastream" (worn) {MR+ Str+4}
   (You found it on level 7 of the Iron City of Dis)

   It affects your strength (+4).
   It affects your resistance to hostile enchantments.
   It has a curse placed upon it.
 Z - the +9 plate armour of the Desolation of Salt (worn) {MR+ Regen+ Str-5 Dex+3}
   (You found it on level 3 of the Elven Halls)

   It affects your strength (-5).
   It affects your dexterity (+3).
   It affects your resistance to hostile enchantments.
   It increases your rate of regeneration.
Jewellery
 c - the ring "Etrim" (right hand) {rC+ rN+ Str+7}
   (You bought it in a shop on level 2 of the Elven Halls)

   [ring of protection from cold]

   It affects your strength (+7).
   It protects you from cold.
   It protects you from negative energy.
 m - the amulet of Existentialism (around neck) {*Corrode rF+++ Regen+ Str+4 SInv}
   (You found it on level 4 of the Swamp)

   [amulet of regeneration]

   It affects your strength (+4).
   It renders you almost immune to fire.
   It lets you see invisible.
   It increases your rate of regeneration.
   It may corrode you when you take damage.
 p - the ring "Feusheg" {SInv Stlth+}
   (You found it on level 7 of Tartarus)

   [ring of see invisible]

   It lets you see invisible.
   It makes you more stealthy.
 J - the amulet "Wamuakho" {Acrobat MR++ Str+3}
   (You acquired it on level 3 of the Depths)

   [amulet of the acrobat]

   It helps you evade while moving and waiting.
   It affects your strength (+3).
   It affects your resistance to hostile enchantments.
 N - the amulet of Toxkofon {+Rage rF+ rC++ Int+2 Slay-2 SInv}
   (You found it on level 2 of the Crypt)

   [amulet of rage]

   It affects your intelligence (+2).
   It affects your accuracy and damage with ranged weapons and melee attacks
   (-2).
   It protects you from fire.
   It greatly protects you from cold.
   It lets you see invisible.
   It lets you go berserk.
 O - the ring "Jesoiteo" (left hand) {rF+ rC+ Str+3 Dex+3 Slay+2}
   (You bought it in a shop on level 2 of the Elven Halls)

   [ring of protection from cold]

   It affects your strength (+3).
   It affects your dexterity (+3).
   It affects your accuracy and damage with ranged weapons and melee attacks
   (+2).
   It protects you from fire.
   It protects you from cold.
 R - the ring of Hekhliwu {rPois rF- rC+ rN+ MR+}
   (You took it off a deep elf master archer on level 3 of the Elven Halls)

   [ring of positive energy]

   It makes you vulnerable to fire.
   It protects you from cold.
   It protects you from poison.
   It protects you from negative energy.
   It affects your resistance to hostile enchantments.
Wands
 n - a wand of disintegration (77)
 Y - a wand of digging (7)
Scrolls
 d - 16 scrolls of magic mapping
 i - 7 scrolls of enchant armour
 q - 4 scrolls of silence
 r - 43 scrolls of remove curse {@r2}
 s - 27 scrolls of identify {@r1}
 t - 23 scrolls of teleportation
 v - a scroll of summoning
 w - 10 scrolls of immolation
 x - 3 scrolls of enchant weapon
 z - 4 scrolls of blinking
 G - 10 scrolls of fear
 I - a scroll of brand weapon
 L - 9 scrolls of fog
 V - 8 scrolls of holy word
Potions
 b - 6 potions of might
 g - 26 potions of curing {@q1}
 k - 6 potions of ambrosia
 o - 11 potions of magic
 y - 3 potions of cancellation
 A - 10 potions of heal wounds
 B - 9 potions of agility
 E - 5 potions of haste
 P - a potion of berserk rage
 W - 7 potions of mutation
 X - 4 potions of resistance
Miscellaneous
 e - 4 sacks of spiders
 h - a lightning rod (4/4)
 D - a lamp of fire
 F - 9 boxes of beasts
 K - a fan of gales
 M - a figurine of a ziggurat
 Q - 7 phantom mirrors
Comestibles
 f - 66 rations


   Skills:
 O Level 27 Fighting
 O Level 27 Maces & Flails
 - Level 10.0 Crossbows
 O Level 27 Armour
 O Level 27 Dodging
 - Level 25.3 Shields
 - Level 15.2 Spellcasting
 - Level 12.1 Necromancy
 - Level 6.0 Translocations
 O Level 27 Invocations
 + Level 24.3 Evocations


You had 50 spell levels left.
You knew the following spells:

 Your Spells              Type           Power        Failure   Level  Hunger
a - Apportation           Tloc           ###...       1%          1    None
b - Regeneration          Chrm/Necr      ###.......   3%          3    None
c - Swiftness             Chrm/Air       #.......     21%         2    None

Your spell library contained the following spells:

 Spells                   Type           Power        Failure   Level  Hunger
 Animate Skeleton         Necr           N/A          1%          1    None
 Pain                     Necr           ####         1%          1    None
 Blink                    Tloc           N/A          1%          2    None
 Corpse Rot               Necr           N/A          1%          2    None
 Vampiric Draining        Necr           #####.....   1%          3    None
 Animate Dead             Necr           N/A          1%          4    ###....
 Agony                    Necr           #####...     2%          5    #####..
 Dispel Undead            Necr           #####...     2%          5    #####..
 Gell's Gravitas          Tloc           ###.......   3%          3    None
 Lesser Beckoning         Tloc           ###.......   3%          3    None
 Portal Projectile        Hex/Tloc       ###...       12%         3    None
 Recall                   Summ/Tloc      N/A          12%         3    None
 Beastly Appendage        Tmut           #.....       13%         1    None
 Confusing Touch          Hex            #.....       13%         1    None
 Flame Tongue             Conj/Fire      #....        13%         1    None
 Freeze                   Ice            #...         13%         1    None
 Magic Dart               Conj           #...         13%         1    None
 Sandblast                Erth           #.....       13%         1    None
 Shock                    Conj/Air       #...         13%         1    None
 Sting                    Conj/Pois      #...         13%         1    None
 Summon Butterflies       Summ           #.......     13%         1    None
 Summon Small Mammal      Summ           #...         13%         1    None
 Death Channel            Necr           #####.....   14%         6    ######.
 Call Imp                 Summ           #.......     21%         2    None
 Ensorcelled Hibernation  Hex/Ice        #.....       21%         2    None
 Passwall                 Tmut/Erth      #.......     21%         2    None
 Poisonous Vapours        Pois/Air       #.....       21%         2    None
 Searing Ray              Conj           #.....       21%         2    None
 Slow                     Hex            #.......     21%         2    None
 Throw Flame              Conj/Fire      #.....       21%         2    None
 Bolt of Draining         Conj/Necr      ###.......   30%         5    #####..
 Borgnjor's Vile Clutch   Necr/Erth      ###.......   30%         5    #####..
 Excruciating Wounds      Chrm/Necr      ###.......   30%         5    #####..
 Call Canine Familiar     Summ           #.......     36%         3    None
 Confuse                  Hex            #.......     36%         3    None
 Conjure Flame            Conj/Fire      #.......     36%         3    None
 Ignite Poison            Fire/Tmut/Pois #.......     36%         3    None
 Inner Flame              Hex/Fire       #.......     36%         3    None
 Mephitic Cloud           Conj/Pois/Air  #.......     36%         3    None
 Spider Form              Tmut/Pois      #.........   36%         3    None
 Static Discharge         Conj/Air       #.......     36%         3    None
 Stone Arrow              Conj/Erth      #.....       36%         3    None
 Summon Guardian Golem    Hex/Summ       #.......     36%         3    None
 Tukima's Dance           Hex            #.......     36%         3    None
 Force Lance              Conj/Tloc      ###.....     36%         4    ###....
 Summon Forest            Summ/Tloc      ###.......   71%         5    #####..
 Airstrike                Air            #.........   78%         4    ###....
 Cause Fear               Hex            #.........   78%         4    ###....
 Ice Form                 Ice/Tmut       #.......     78%         4    ###....
 Leda's Liquefaction      Hex/Erth       #.........   78%         4    ###....
 Olgreb's Toxic Radiance  Pois           #.......     78%         4    ###....
 Petrify                  Tmut/Erth      #.......     78%         4    ###....
 Sticky Flame             Conj/Fire      #.......     78%         4    ###....
 Summon Ice Beast         Ice/Summ       #.......     78%         4    ###....
 Summon Lightning Spire   Summ/Air       #.......     78%         4    ###....
 Dispersal                Tloc           ###.......   86%         6    ######.
 Simulacrum               Ice/Necr       ###.......   86%         6    ######.
 Alistair's Intoxication  Tmut/Pois      #.......     98%         5    #####..
 Aura of Abjuration       Summ           #.........   98%         5    #####..
 Bolt of Magma            Conj/Fire/Erth #.........   98%         5    #####..
 Fireball                 Conj/Fire      #.........   98%         5    #####..
 Irradiate                Conj/Tmut      #.........   98%         5    #####..
 Iskenderun's Battlesphe  Conj/Chrm      #.......     98%         5    #####..
 Lee's Rapid Deconstruct  Erth           #.........   98%         5    #####..
 Lightning Bolt           Conj/Air       #.........   98%         5    #####..
 Metabolic Englaciation   Hex/Ice        #.........   98%         5    #####..
 Silence                  Hex/Air        #.........   98%         5    #####..
 Summon Demon             Summ           #.........   98%         5    #####..
 Summon Mana Viper        Hex/Summ       #.......     98%         5    #####..
 Venom Bolt               Conj/Pois      #.........   98%         5    #####..
 Yara's Violent Unravell  Hex/Tmut       #.........   98%         5    #####..
 Borgnjor's Revivificati  Necr           #####.....   99%         8    #######
 Infestation              Necr           #####.....   99%         8    #######
 Bolt of Cold             Conj/Ice       #.........   100%        6    ######.
 Bolt of Fire             Conj/Fire      #.........   100%        6    ######.
 Conjure Ball Lightning   Conj/Air       #.........   100%        6    ######.
 Darkness                 Hex            #.........   100%        6    ######.
 Deflect Missiles         Chrm/Air       #.........   100%        6    ######.
 Freezing Cloud           Conj/Ice/Air   #.........   100%        6    ######.
 Hydra Form               Tmut           #.........   100%        6    ######.
 Invisibility             Hex            #.......     100%        6    ######.
 Iron Shot                Conj/Erth      #.........   100%        6    ######.
 Ozocubu's Refrigeration  Ice            #.........   100%        6    ######.
 Shadow Creatures         Summ           N/A          100%        6    ######.
 Dragon Form              Tmut           #.........   100%        7    #######
 Haunt                    Necr/Summ      ###.......   100%        7    #######
 Orb of Destruction       Conj           #.........   100%        7    #######
 Ring of Flames           Chrm/Fire      #.........   100%        7    #######
 Spellforged Servitor     Conj/Summ      #.........   100%        7    #######
 Summon Hydra             Summ           #.........   100%        7    #######
 Controlled Blink         Tloc           N/A          100%        8    #######
 Death's Door             Chrm/Necr      ###.......   100%        8    #######
 Discord                  Hex            #.........   100%        8    #######
 Disjunction              Tloc           ###.......   100%        8    #######
 Necromutation            Tmut/Necr      ###.......   100%        8    #######
 Dragon's Call            Summ           #.........   100%        9    #######
 Shatter                  Erth           #.........   100%        9    #######
 Tornado                  Air            #.........   100%        9    #######
 Sublimation of Blood     Necr           Unusable     N/A         2    N/A
 Statue Form              Tmut/Erth      Unusable     N/A         6    N/A

Dungeon Overview and Level Annotations

Branches:
Dungeon (15/15)            Temple (1/1) D:4            Lair (6/6) D:8
  Swamp (4/4) Lair:3        Snake (4/4) Lair:3        Slime (5/5) Lair:5
    Orc (2/2) D:12            Elf (3/3) Orc:2        Vaults (5/5) D:14
  Crypt (3/3) Vaults:2       Tomb (3/3) Crypt:3      Depths (5/5) D:15
   Hell (visited)             Dis (7/7) Hell            Geh (7/7) Hell
    Coc (7/7) Hell            Tar (7/7) Hell            Zot (5/5) Depths:5
  IceCv (visited)          WizLab (visited)         Gauntlet (visited)

Altars:
Ashenzari
Cheibriados
Dithmenos
Elyvilon
Fedhas
Gozag
Hepliaklqana
Kikubaaqudgha
Makhleb
Nemelex Xobeh
Okawaru
Qazlal
Ru
Sif Muna
Trog
Uskayaw
Vehumet
Wu Jian
Xom
Yredelemnul
Zin
The Shining One
Beogh
Jiyva
Lugonu

Shops:
D:4 *   Orc:2 :!?[   Elf:2 }}=   Snake:1 (   Snake:4 [   Vaults:2 !
Vaults:4 (   Vaults:5 [

Portals:
Hell: Depths:1 Depths:2 Depths:3 Depths:4 Depths:5
Abyss: Depths:1 Depths:2 Depths:3 Depths:4
Pandemonium: Depths:1 Depths:2 Depths:3 Depths:5
Ziggurat: Depths:5


Innate Abilities, Weirdness & Mutations

You are resistant to torment.
Your stone body is resilient. (AC +20)
You are immune to poison.
Your large and strong wings let you fly indefinitely.
You resist negative energy. (rN+)
You are resistant to electric shocks. (rElec)
You can survive without breathing.
You are immune to petrification.
You are immune to rotting.
You are partially covered in icy blue scales. (AC +2)
You have a somewhat thin skeletal structure. (Dex +2, Stealth)
Your mind is acute. (Int +2)
You are clumsy. (Dex -2)
You are somewhat resistant to further mutation.
Your natural rate of healing is unusually fast.


Message History

(P) Snake Pit (M) Slime Pits (O) Orcish Mines (E) Elven Halls (V) Vaults (C) Crypt (W) Tomb (U) Depths (H) Hell (I) Dis (G) Gehenna (X) Cocytus (Y) Tartarus (Z) Zot
Where to? (Enter - D:1 @ (x,y), ? - help) HP restored.
You see here 17 stones.
You reach down and open the door.
There is an open door here.
There is a staircase leading out of the dungeon here.
Saving game... please wait.
Welcome back, Shavain the Gargoyle Fighter.
The Shining One says: Lead the forces of light to victory!
Press ? for a list of commands and other information.
Your shield is strengthened by the Shining One's divine power.
You feel slightly more hungry.
Okay, then.
Okay, then.
There is a staircase leading out of the dungeon here.
You have escaped!

########........##
#........######..#
#.######.........#
#.# #.(.......#
#.# #.........#
#.# #...###...#
#.# #..##.##..#
#.# #..#...#..#
#.# #..'.@.'..#
#.# #..#...#..#
#.# #..##.##..#
#.# #...###...#
#.# #.........#
#.# #.........#
#.# ##.........#
#.# #..........#
#.# ##.##########


There were no monsters in sight!

Vanquished Creatures
  Cerebov (Pan)
  Antaeus (Coc:7)
  Asmodeus (Geh:7)
  the Royal Jelly (Slime:5)
  Gloorx Vloq (Pan)
  Ereshkigal (Tar:7)
  Mnoleg (Pan)
  Lom Lobon (Pan)
  13 ancient liches
  Dispater (Dis:7)
  Tiamat (Zot:4)
  Mara (Vaults:3)
  5 orbs of fire
  Mennas (Tomb:3)
  A juggernaut (Depths:5)
  The ghost of Roocroe the Impregnable, a veteran MiGl of Hepliaklqana (Crypt:2)
  37 greater mummies
  19 shard shrikes
  Boris (twice) (Crypt:2 Tomb:2)
  6 Killer Klowns
  Margery (Depths:4)
  Bai Suzhen (Vaults:4)
  Saint Roka (Snake:3)
  16 golden dragons
  Geryon (Hell)
  Nikola (Snake:1)
  Xtahua (Depths:3)
  Jory (Tomb:1)
  the Enchantress (Depths:3)
  21 bone dragons
  10 doom hounds
  3 profane servitors
  18 liches
  46 Tzitzimimeh
  30 Brimstone Fiends
  10 iron giants
  A shard shrike zombie (Crypt:2)
  5 electric golems
  A hellephant (Abyss:1)
  23 tentacled monstrosities
  34 Ice Fiends
  The ghost of Scuka the Fencer, an adept BaFi of Cheibriados (Snake:4)
  27 Orb Guardians
  11 titans
  7 deep elf blademasters
  8 pandemonium lords (Pan)
  16 Hell Sentinels
  6 quicksilver dragons
  21 ancient champions
  Murray (Depths:5)
  5 deep elf master archers
  25 Executioners
  12 tentacled starspawn
  10 eldritch tentacles
  6 death cobs
  13 sphinxes
  25 acid blobs
  Gastronok (Orc:1)
  The ghost of Segg the Thaumaturge, an adept GnSk of Makhleb (Orc:2)
  26 shadow dragons
  10 warmongers (Pan)
  28 storm dragons
  7 draconian monks
  9 tengu reavers
  A daeva (Abyss:3)
  Kirke (Swamp:3)
  Donald (Crypt:1)
  17 azure jellies
  8 nagarajas
  6 revenants
  10 fire giants
  Roxanne (Swamp:3)
  7 ghost moths
  9 draconian knights
  5 orc warlords
  11 vault wardens
  19 iron dragons
  40 balrugs
  9 draconian scorchers
  Louise (Depths:2)
  29 cacodemons
  11 deep elf sorcerers
  19 frost giants
  6 black suns (Pan)
  Aizul (Snake:1)
  5 draconian shifters
  9 draconian annihilators
  13 ghouls
  6 draconian stormcallers (Zot:2)
  4 deep elf elementalists (Elf:3)
  18 very ugly things
  8 elemental wellsprings
  10 blood saints (Pan)
  24 war gargoyles
  7 spriggan defenders
  7 curse skulls
  An entropy weaver (Vaults:4)
  17 vampire knights
  91 reapers
  37 stone giants
  9 ironheart preservers
  9 corrupters (Pan)
  13 black draconians
  15 bennus
  8 deep elf demonologists
  19 purple draconians
  10 white draconians
  15 lorocyprocas
  17 red draconians
  13 green draconians
  Azrael (Snake:1)
  11 deep elf annihilators
  7 spark wasps (Depths:3)
  5 minotaurs
  16 starcursed masses (Abyss:3)
  12 yellow draconians
  12 green deaths
  7 eidola
  15 deep elf death magi
  14 ettins
  3 merfolk javelineers
  41 blizzard demons
  7 fire dragons
  31 mummy priests
  10 death oozes
  4 merfolk impalers
  20 jiangshi
  16 yaktaur captains
  10 great orbs of eyes
  9 deep elf high priests
  Josephine (Snake:1)
  6 kraken zombies
  9 quicksilver dragon skeletons
  11 monstrous demonspawn (Pan)
  6 quicksilver dragon zombies
  31 vault guards
  23 anacondas
  Erolcha (Orc:2)
  Fannar (Orc:1)
  7 spriggan air magi
  2 catoblepae
  3 hell beasts
  36 ice dragons
  9 rakshasas
  13 hydras
  7 ghost crabs
  51 two-headed ogres
  16 naga warriors
  11 centaur warriors
  2 death knights
  23 dancing weapons
  7 alligators
  10 death yaks
  30 death scarabs
  2 satyrs (Abyss:3)
  17 ogre magi
  6 deep troll shamans
  12 tengu warriors
  13 vampire magi
  8 deep troll earth magi
  8 titan zombies
  7 thrashing horrors
  17 spriggan berserkers
  45 hell hogs
  14 deep elf knights
  9 shock serpents
  13 naga sharpshooters
  65 sun demons
  2 orc high priests (Orc:2)
  A shock serpent (shapeshifter) (D:13)
  10 storm dragon zombies
  8 wretched stars (Abyss:3)
  7 iron golems
  7 titan skeletons
  A fire crab (shapeshifter) (Vaults:1)
  11 iron trolls
  46 soul eaters
  161 skeletal warriors
  29 hell knights
  30 deep trolls
  2 salamander mystics (Snake:3)
  3 quicksilver dragon simulacra
  11 shadow wraiths
  5 swamp dragons
  2 spriggan druids (Swamp:4)
  9 golden dragon skeletons
  21 sixfirhies (Pan)
  3 spatial maelstroms
  3 death drakes
  12 storm dragon skeletons
  8 unseen horrors
  34 anaconda zombies
  10 infernal demonspawn (Pan)
  11 golden dragon zombies
  5 sea snakes (Snake:3)
  3 gelid demonspawn (Pan)
  36 shadow demons
  8 wizards
  2 lindwurms
  A spectral hydra (Swamp:4)
  17 flayed ghosts
  32 phantasmal warriors
  19 deep elf archers
  13 glowing orange brains
  7 torturous demonspawn (Pan)
  2 spark wasp zombies (Hell)
  16 orc knights
  2 ghost moth zombies
  A swamp dragon (shapeshifter) (Vaults:2)
  6 shadow dragon zombies
  4 kraken simulacra
  An obsidian statue (Gauntlet)
  6 wolf spider zombies
  3 harpies (Vaults:3)
  A sphinx zombie (Hell)
  9 ironbrand convokers
  9 anaconda skeletons
  10 mana vipers
  14 orc sorcerers
  9 naga ritualists
  73 deep elf magi
  19 necromancers
  2 wolf spiders
  17 stone giant zombies
  8 frost giant zombies
  8 shadow dragon skeletons
  8 shining eyes
  5 cyclopes
  14 iron dragon zombies
  2 oklob plants (Lair:2)
  26 ugly things
  28 fire giant zombies
  7 worldbinders
  2 manticores (D:13)
  7 frost giant skeletons
  24 moths of wrath
  5 salamanders
  An elephant (shapeshifter) (Depths:5)
  6 centaur zombies
  11 dire elephant zombies
  11 elephants
  14 fire giant skeletons
  7 stone giant skeletons
  17 guardian serpents
  58 rust devils
  A black mamba (shapeshifter) (Vaults:2)
  6 iron dragon skeletons
  23 naga magi
  31 orange demons (Pan)
  46 black mambas
  5 storm dragon simulacra
  A guardian serpent (shapeshifter) (Depths:1)
  4 apocalypse crabs (Abyss:3)
  5 centaur skeletons
  4 shock serpent zombies
  10 dire elephant skeletons
  8 ice statues
  9 molten gargoyles
  12 vault sentinels
  Psyche (D:11)
  5 eyes of devastation
  35 smoke demons
  6 titan simulacra
  A yellow draconian zombie (Tar:7)
  17 spiny frogs
  4 shock serpent skeletons
  47 hellions
  A black draconian zombie (Crypt:1)
  A gargoyle (D:15)
  4 catoblepas zombies
  2 rime drakes
  8 komodo dragons
  55 yaktaurs
  11 anaconda simulacra
  2 kobold demonologists
  A rime drake (shapeshifter) (Vaults:4)
  2 white draconian zombies
  5 swamp worm zombies (Swamp:4)
  56 freezing wraiths
  A minotaur zombie (Crypt:2)
  14 efreet
  3 emperor scorpion zombies
  58 ice devils
  8 ancient zymes
  13 demonic crawlers (Pan)
  A catoblepas skeleton (Tar:7)
  21 hellwings (Pan)
  5 harpy zombies
  74 tormentors
  2 yaktaurs (shapeshifter)
  3 human skeletons
  66 guardian mummies
  A queen bee (shapeshifter) (Depths:3)
  3 silent spectres
  80 red devils
  9 tengu conjurers
  15 merfolk
  6 tyrant leeches
  A meliai (shapeshifter) (Vaults:5)
  2 wolf spider simulacra
  A jumping spider (shapeshifter) (Vaults:5)
  A polar bear (shapeshifter) (Depths:4)
  12 trolls
  40 hydra zombies
  2 polar bears (Lair:6)
  26 raiju
  6 hornets
  A blink frog (shapeshifter) (Vaults:1)
  A shadow dragon simulacrum (Depths:4)
  A tyrant leech (shapeshifter) (Depths:2)
  169 slime creatures
  10 ice dragon zombies
  A spectral dream sheep (Gauntlet)
  15 bog bodies
  6 harpy skeletons
  3 stone giant simulacra
  2 dream sheep (D:13)
  63 large abominations
  9 blink frogs
  30 alligator zombies
  18 hydra skeletons
  17 ettin zombies
  3 fire dragon zombies
  9 hippogriffs
  4 spectral swamp dragons (Swamp:4)
  2 meliai zombies
  2 frost giant simulacra
  A snapping turtle (shapeshifter) (Depths:2)
  5 centaur simulacra
  183 flying skulls
  2 fire giant simulacra
  An air elemental (Elf:2)
  88 shadows
  5 alligator skeletons
  2 black mamba zombies
  9 ettin skeletons
  51 wraiths
  4 redbacks (Vaults:4)
  17 water elementals
  13 fire dragon skeletons
  A redback (shapeshifter) (Vaults:1)
  A spriggan (shapeshifter) (Elf:1)
  A tarantella (shapeshifter) (Vaults:1)
  4 wyverns
  6 ice dragon skeletons
  27 yaks
  9 spriggans
  32 ynoxinuls
  2 black mamba skeletons
  18 ushabtiu
  4 dire elephant simulacra
  39 fire elementals
  A golden eye (shapeshifter) (Vaults:4)
  12 golden eyes
  3 fire bats (Abyss:3)
  A basilisk (D:11)
  A human (shapeshifter) (Depths:4)
  Grum (D:9)
  A steam dragon (shapeshifter) (Vaults:4)
  19 vampire mosquitoes
  33 chaos spawn
  16 hungry ghosts
  27 neqoxecs
  9 spatial vortices
  A death yak simulacrum (IceCv)
  26 small abominations
  A faun zombie (Crypt:1)
  13 swamp worms
  15 insubstantial wisps
  64 nagas
  7 harpy simulacra (IceCv)
  2 acid dragons (Vaults:1)
  An iron troll simulacrum (IceCv)
  13 wargs
  4 human zombies
  18 spiny frog zombies
  21 water moccasins
  An elf skeleton (Vaults:1)
  12 hydra simulacra
  13 porcupines
  2 floating eyes
  A gelid demonspawn skeleton (Crypt:3)
  3 swamp drakes
  115 hell hounds
  17 ice beasts
  3 swamp dragon zombies
  43 orc warriors
  12 snapping turtle zombies
  3 black bears
  A merfolk skeleton (Hell)
  An alligator simulacrum (Coc:5)
  A dream sheep zombie (Crypt:1)
  31 necrophages
  13 spiny frog skeletons
  2 manticore zombies
  An eye of draining (shapeshifter) (Elf:3)
  17 phantoms
  7 sky beasts
  6 boggarts
  4 ettin simulacra
  50 ogres
  A lindwurm zombie (Crypt:3)
  2 hornet zombies
  20 centaurs
  6 eyes of draining
  11 snapping turtle skeletons
  24 wolves
  A blink frog skeleton (Crypt:2)
  6 manticore skeletons
  6 swamp dragon skeletons
  13 crocodiles
  A spectral cyclops (Orc:2)
  5 big kobolds
  2 yaktaur zombies (Hell)
  23 bullfrogs
  A yaktaur skeleton (Vaults:1)
  An elf zombie (Tar:4)
  An earth elemental (Elf:3)
  A wyvern zombie (D:9)
  6 spiny frog simulacra
  3 spriggan zombies
  A hornet simulacrum (D:12)
  11 killer bees (D:7)
  6 scorpions
  A troll zombie (Geh:7)
  A spriggan skeleton (Tar:5)
  An electric eel (Lair:3)
  3 howler monkeys
  120 wights
  2 yak skeletons (Crypt:1)
  A howler monkey (shapeshifter) (Vaults:5)
  2 troll skeletons
  24 crimson imps
  2 draconian simulacra (IceCv)
  11 hounds
  13 jellies
  42 orc wizards
  4 quasits
  52 iron imps
  26 orc priests
  4 gnoll shamans
  4 bullfrog skeletons
  An iguana (shapeshifter) (Vaults:5)
  3 iguanas
  2 spectral orcs (Orc:2)
  9 worker ants
  A spectral swamp drake (Swamp:4)
  A spriggan simulacrum (IceCv)
  4 troll simulacra (IceCv)
  2 acid dragon zombies
  A dwarf zombie (Crypt:1)
  3 naga zombies
  A naga skeleton (Geh:1)
  2 ogre skeletons
  3 tengu skeletons
  62 mummies
  A worker ant zombie (Crypt:2)
  17 gnolls
  24 adders
  A howler monkey skeleton (D:8)
  3 ogre simulacra (IceCv)
  31 shadow imps
  41 white imps
  2 orc simulacra (Orc:2)
  5 ufetubi
  14 oozes
  3 adder skeletons
  4 worms
  A dart slug (D:2)
  8 leopard geckos
  162 orcs
  7 bats
  2 giant cockroaches
  10 goblins
  8 hobgoblins
  16 jackals
  6 quokkas
  2 ball pythons
  4 frilled lizards
  A frilled lizard skeleton (Crypt:3)
  A goblin skeleton (Crypt:2)
  10 kobolds
  A kobold skeleton (Pan)
  2 leopard gecko skeletons
  An orc zombie (Tar:7)
  A quokka skeleton (D:7)
  9 rats
  A bush (Abyss:3)
  8 crawling corpses
  2 fire vortices
  4 plants
  14 starspawn tentacles
  15 tentacles
6526 creatures vanquished.

Vanquished Creatures (collateral kills)
  A greater mummy (Tomb:3)
  A shard shrike (Dis:7)
  A Brimstone Fiend (Pan)
  3 Tzitzimimeh
  A tentacled monstrosity (Pan)
  2 tentacled starspawn (Abyss:3)
  An Executioner (Pan)
  4 ancient champions (Tomb:3)
  An eldritch tentacle (Pan)
  A thorn hunter (Abyss:3)
  A storm dragon (Dis:7)
  3 cacodemons (Pan)
  2 reapers
  2 lorocyprocas (Pan)
  A black sun (Pan)
  2 bennus (Tomb:3)
  A green death (Pan)
  2 mummy priests (Tomb:3)
  A blizzard demon (Pan)
  A hell beast (Pan)
  A vampire mage (Tar:7)
  2 soul eaters (Pan)
  3 sun demons (Pan)
  A shadow wraith (Pan)
  A skeletal warrior (Dis:7)
  A sixfirhy (Pan)
  An iron troll (Dis:7)
  2 starcursed masses (Abyss:3)
  An orange demon (Pan)
  A titan simulacrum (Coc:7)
  A rust devil (Pan)
  6 smoke demons
  A tormentor (Dis:7)
  6 guardian mummies
  A hellwing (Pan)
  A red devil (Pan)
  A dream sheep (shapeshifter) (Abyss:3)
  5 flying skulls (Tomb:3)
  A large abomination (Pan)
  2 shadows (Tar:7)
  An ushabti (Tomb:2)
  3 ynoxinuls (Pan)
  4 neqoxecs
  3 chaos spawn
  An eye of draining (Pan)
  An elf skeleton (Pan)
  2 iron imps (Dis:7)
86 creatures vanquished.

Vanquished Creatures (others)
  3 eldritch tentacles
  3 fire giants
  3 elemental wellsprings
  A reaper (Pan)
  2 hell hogs (Geh:5)
  A deep elf knight (Elf:1)
  A skeletal warrior (Dis:1)
  An iron dragon zombie (Geh:6)
  A shock serpent zombie (Geh:3)
  3 hellions
  A spiny frog (Swamp:4)
  A demonic crawler (Pan)
  A hellwing (Pan)
  A red devil (Geh:7)
  A spectral swamp dragon (Swamp:4)
  A bog body (Coc:7)
  3 flying skulls
  A water elemental (Coc:7)
  A shadow (Geh:3)
  2 wraiths
  A fire elemental (Geh:5)
  A human (Swamp:3)
  A black mamba skeleton (Geh:6)
  5 chaos spawn
  A neqoxec (Pan)
  A swamp worm (Swamp:4)
  An acid dragon (Zot:4)
  A naga (Vaults:3)
  7 hell hounds
  An orc warrior (Vaults:2)
  An ogre (Vaults:5)
  A boggart (Gauntlet)
  A necrophage (Geh:5)
  4 ettin simulacra (Depths:3)
  2 small abominations (Abyss:3)
  An elf zombie (Geh:7)
  A wight (Tar:4)
  2 crimson imps
  2 iron imps
  2 orc wizards
  A spectral orc (Orc:2)
  A shadow imp (Tar:7)
  A white imp (Coc:7)
  3 ball lightnings (Pan)
  3 orcs
  4 bushes (Abyss:3)
  6 demonic plants (Abyss:3)
  10 fungi
  3 lurking horrors
  6 plants
  30 starspawn tentacles
  27 tentacles
164 creatures vanquished.

Grand Total: 6776 creatures vanquished

Notes
Turn   | Place    | Note
-------+----------+-------------------------------------------
     0 | D:1      | Shavain the Gargoyle Fighter began the quest for the Orb.
     0 | D:1      | Reached XP level 1. HP: 14/14 MP: 1/1
   164 | D:1      | Reached XP level 2. HP: 19/19 MP: 2/2
   757 | D:2      | Reached XP level 3. HP: 20/24 MP: 3/3
   970 | D:2      | Reached XP level 4. HP: 29/29 MP: 4/4
  1081 | D:2      | Found a blossoming altar of Fedhas.
  1657 | D:3      | Found an iron altar of Okawaru.
  1674 | D:3      | Became a worshipper of Warmaster Okawaru
  1746 | D:3      | Reached XP level 5. HP: 28/33 MP: 5/5
  2019 | D:3      | Found a shimmering blue altar of Sif Muna.
  2019 | D:3      | Found a blossoming altar of Fedhas.
  2025 | D:3      | Found a basalt altar of Yredelemnul.
  2030 | D:3      | Found a hide-covered altar of Uskayaw.
  2033 | D:3      | Found a glowing golden altar of the Shining One.
  2373 | D:4      | Noticed a phantom
  2396 | D:4      | Reached XP level 6. HP: 38/39 MP: 6/6
  2400 | D:4      | Reached * piety under Okawaru
  2459 | D:4      | Reached skill level 1 in Invocations
  2488 | D:4      | Killed a phantom
  2749 | D:4      | Found Duenepp's Assorted Antiques.
  2798 | D:4      | Reached skill level 5 in Fighting
  2798 | D:4      | Reached XP level 7. HP: 28/44 MP: 5/8
  2806 | D:4      | Reached skill level 5 in Shields
  2811 | D:4      | Reached skill level 5 in Armour
  3463 | D:4      | Reached ** piety under Okawaru
  3716 | D:4      | Found a staircase to the Ecumenical Temple.
  3928 | D:5      | Entered Level 5 of the Dungeon
  4083 | D:5      | Reached XP level 8. HP: 44/50 MP: 10/10
  4250 | D:5      | Found a shadowy altar of Dithmenos.
  4918 | D:6      | Reached skill level 5 in Maces & Flails
  5270 | D:6      | Reached *** piety under Okawaru
  5980 | D:7      | Reached XP level 9. HP: 50/56 MP: 12/12
  6362 | D:7      | Reached skill level 5 in Invocations
  7058 | D:8      | Noticed a komodo dragon
  7069 | D:8      | Found a staircase to the Lair.
  7091 | D:8      | Killed a komodo dragon
  7571 | D:8      | Noticed a two-headed ogre
  7611 | D:8      | Killed a two-headed ogre
  7611 | D:8      | Reached **** piety under Okawaru
  7611 | D:8      | Reached XP level 10. HP: 9/64 MP: 2/14
  8268 | D:8      | Reached ***** piety under Okawaru
  9336 | D:9      | Reached XP level 11. HP: 37/69 MP: 9/16
  9578 | D:9      | Noticed Grum
  9663 | D:9      | Killed Grum
 10082 | D:10     | Entered Level 10 of the Dungeon
 10647 | D:10     | Noticed a two-headed ogre
 10691 | D:10     | Killed a two-headed ogre
 11130 | D:11     | Noticed a seven-headed hydra
 11147 | D:11     | Killed a seven-headed hydra
 11147 | D:11     | Reached ****** piety under Okawaru
 11147 | D:11     | Received a gift from Okawaru
 11150 | D:11     | Got a steaming quarterstaff {god gift}
 11156 | D:11     | Identified the +7 quarterstaff of Noxkeargh {holy, *Rage
                  | rElec rPois MR+} (Okawaru gifted it to you on level 11 of
                  | the Dungeon)
 11580 | D:11     | Noticed Psyche
 11601 | D:11     | Killed Psyche
 11646 | D:11     | Noticed a two-headed ogre
 11669 | D:11     | Killed a two-headed ogre
 11888 | D:11     | Noticed a five-headed hydra
 11901 | D:11     | Killed a five-headed hydra
 12730 | D:12     | Reached skill level 10 in Fighting
 12753 | D:12     | Found a staircase to the Orcish Mines.
 12917 | D:12     | Reached skill level 10 in Shields
 12951 | D:12     | Noticed a red ugly thing
 12955 | D:12     | Noticed a cyan ugly thing
 12991 | D:11     | Killed a red ugly thing
 12991 | D:11     | Reached skill level 10 in Armour
 12991 | D:11     | Reached XP level 12. HP: 49/77 MP: 12/18
 13094 | Lair:1   | Entered Level 1 of the Lair of Beasts
 14512 | Lair:1   | Reached skill level 1 in Crossbows
 15123 | Lair:2   | Received a gift from Okawaru
 15126 | Lair:2   | Got an ancient dire flail {god gift}
 15177 | Lair:2   | Identified the +6 dire flail of Zifut {drain, rN+} (Okawaru
                  | gifted it to you on level 2 of the Lair of Beasts)
 15253 | Lair:2   | Noticed a catoblepas
 15265 | Lair:2   | Killed a catoblepas
 15804 | Lair:3   | Noticed a four-headed hydra
 15818 | Lair:2   | Killed a four-headed hydra
 15818 | Lair:2   | Reached skill level 10 in Maces & Flails
 15958 | Lair:3   | Reached XP level 13. HP: 59/84 MP: 12/19
 16302 | Lair:3   | You fall into a shaft and drop 1 floor!
 16320 | Lair:3   | Received a gift from Okawaru
 16605 | Lair:3   | Found a staircase to the Snake Pit.
 17001 | Lair:3   | Found a staircase to the Swamp.
 17062 | Lair:4   | Reached skill level 1 in Evocations
 17217 | Lair:4   | Received a gift from Okawaru
 18353 | Lair:4   | Reached skill level 5 in Crossbows
 18729 | Lair:5   | Received a gift from Okawaru
 18944 | Lair:5   | Found a runed translucent door.
 18944 | Lair:5   | Found a viscous altar of Jiyva.
 18944 | Lair:5   | Found a staircase to the Slime Pits.
 18944 | Lair:5   | Noticed an azure jelly
 18944 | Lair:5   | Noticed an azure jelly
 19294 | Lair:6   | Entered Level 6 of the Lair of Beasts
 19476 | Lair:6   | Gained mutation: Your large and strong wings let you fly
                  | indefinitely. [Gargoyle growth]
 19476 | Lair:6   | Reached XP level 14. HP: 83/92 MP: 18/20
 19607 | Lair:6   | Received a gift from Okawaru
 19626 | Lair:6   | Received a gift from Okawaru
 19646 | Lair:6   | Got a faintly glowing scale mail {god gift}
 19672 | Lair:6   | Identified the +1 scale mail "Waebeeca" {Str+4} (Okawaru
                  | gifted it to you on level 6 of the Lair of Beasts)
 21039 | D:12     | Found an ancient bone altar of Kikubaaqudgha.
 21362 | D:13     | Found a gate leading to a gauntlet.
 21368 | Gauntlet | Entered a Gauntlet
 21368 | Gauntlet | Found a transporter.
 21523 | Gauntlet | Found a transporter.
 21525 | Gauntlet | Found a transporter.
 21540 | Gauntlet | Found a transporter.
 21542 | Gauntlet | Found a transporter.
 21553 | Gauntlet | Found a transporter.
 21568 | Gauntlet | Found a transporter.
 21578 | Gauntlet | Found a transporter.
 21602 | Gauntlet | Found a transporter.
 21618 | Gauntlet | Found a transporter.
 21618 | Gauntlet | Found a transporter.
 21620 | Gauntlet | Found a transporter.
 21645 | Gauntlet | Found a transporter.
 21668 | Gauntlet | Found a runed translucent door.
 21670 | Gauntlet | Found a transporter.
 21673 | Gauntlet | Found a runed translucent door.
 22125 | Gauntlet | Reached skill level 1 in Dodging
 22356 | Gauntlet | Got a fine cloak
 22362 | Gauntlet | Identified the +2 cloak of Famaphyxt {*Contam rPois Str+4}
                  | (You found it in a Gauntlet)
 22812 | D:13     | Found a roughly hewn altar of Beogh.
 23530 | D:14     | Received a gift from Okawaru
 23718 | D:14     | Received a gift from Okawaru
 23737 | D:14     | Reached skill level 5 in Evocations
 23758 | D:14     | Got a shimmering hand crossbow {god gift}
 23759 | D:14     | Identified the +2 hand crossbow "Dragon's Tongue" {elec,
                  | Dex+2} (Okawaru gifted it to you on level 14 of the
                  | Dungeon)
 23809 | D:14     | Reached XP level 15. HP: 91/97 MP: 21/21
 23830 | D:14     | Found a gate to the Vaults.
 23878 | D:14     | Got a sapphire demon blade
 23879 | D:14     | Identified the cursed +1 demon blade of Gexo {venom, MR++}
                  | (You found it on level 14 of the Dungeon)
 24371 | D:14     | Received a gift from Okawaru
 24998 | D:15     | Entered Level 15 of the Dungeon
 26287 | D:15     | Paralysed by a wizard for 7 turns
 26315 | D:15     | Received a gift from Okawaru
 26318 | D:15     | Got a transparent large shield {god gift}
 26329 | D:15     | Identified the +0 large shield of Undesirable Species
                  | {rPois Regen+ Str+7 Int-4} (Okawaru gifted it to you on
                  | level 15 of the Dungeon)
 26333 | D:15     | Found a staircase to the Depths.
 26671 | Depths:1 | Entered Level 1 of the Depths
 27392 | Depths:1 | Reached XP level 16. HP: 78/104 MP: 15/22
 27936 | Swamp:1  | Entered Level 1 of the Swamp
 28795 | Swamp:2  | Received a gift from Okawaru
 29560 | Swamp:3  | Noticed Kirke
 29580 | Swamp:3  | Killed Kirke
 29691 | Swamp:3  | Identified Roxanne's Incunabulum of Shape Shifting
 29691 | Swamp:3  | Noticed Roxanne
 29754 | Swamp:3  | Killed Roxanne
 30108 | Swamp:4  | Entered Level 4 of the Swamp
 30196 | Swamp:3  | Received a gift from Okawaru
 30362 | Swamp:3  | Received a gift from Okawaru
 30432 | Swamp:3  | Identified a +1 pair of boots of running (Okawaru gifted it
                  | to you on level 3 of the Swamp)
 31511 | Swamp:4  | Reached XP level 17. HP: 111/111 MP: 23/23
 31622 | Swamp:4  | Noticed a bone dragon
 31652 | Swamp:4  | Killed a bone dragon
 31676 | Swamp:4  | Got a decaying rune of Zot
 31700 | Swamp:4  | Got a steaming brass amulet
 31702 | Swamp:4  | Identified the amulet of Existentialism {*Corrode rF+++
                  | Regen+ Str+4 SInv} (You found it on level 4 of the Swamp)
 31995 | Orc:1    | Entered Level 1 of the Orcish Mines
 32114 | Orc:1    | Noticed Gastronok
 32134 | Orc:1    | Killed Gastronok
 32134 | Orc:1    | Received a gift from Okawaru
 32234 | Orc:1    | Noticed Fannar
 32247 | Orc:1    | Killed Fannar
 32498 | Orc:2    | Entered Level 2 of the Orcish Mines
 32808 | Orc:1    | Reached skill level 10 in Crossbows
 33058 | Orc:2    | Found a runed translucent gate.
 33059 | Orc:2    | Found a runed translucent gate.
 33060 | Orc:2    | Found a runed translucent gate.
 33062 | Orc:2    | Noticed Segg's ghost (adept GnSk)
 33132 | Orc:2    | Found a staircase to the Elven Halls.
 33176 | Orc:2    | Found a roughly hewn altar of Beogh.
 33351 | Orc:2    | Received a gift from Okawaru
 33556 | Orc:2    | Found Ytuusalu's Antique Armour Shop.
 33563 | Orc:2    | Bought a pair of spiked boots for 209 gold pieces
 33565 | Orc:2    | Identified the +2 pair of boots of Shadows and Fog {rPois
                  | rN+ Str+2 Int-3} (You bought it in a shop on level 2 of the
                  | Orcish Mines)
 33584 | Orc:2    | Found an ancient bone altar of Kikubaaqudgha.
 33628 | Orc:2    | Found Ate Tak's Magic Scroll Shop.
 33638 | Orc:2    | Found a radiant altar of Vehumet.
 33638 | Orc:2    | Noticed Erolcha
 33659 | Orc:2    | Killed Erolcha
 33721 | Orc:2    | Found a roughly hewn altar of Beogh.
 33917 | Orc:2    | Found Falolaic's Book Boutique.
 33919 | Orc:2    | Found Gawix's Distillery.
 33926 | Orc:2    | Received a gift from Okawaru
 34164 | Orc:2    | Killed Segg's ghost
 34430 | Depths:1 | Found a one-way gate to the infinite horrors of the Abyss.
 34457 | Depths:1 | Received a gift from Okawaru
 34487 | Depths:1 | Got a crystal morningstar {god gift}
 34488 | Depths:1 | Identified the +2 morningstar of Supply {flame, rC- Str+4
                  | Int+4} (Okawaru gifted it to you on level 1 of the Depths)
 34961 | Depths:1 | Noticed a lich
 34966 | Depths:1 | Killed a lich
 35082 | Depths:1 | Reached skill level 15 in Fighting
 35082 | Depths:1 | Reached skill level 15 in Shields
 35099 | Depths:1 | Found a one-way gate leading to the halls of Pandemonium.
 35113 | Depths:1 | Received a gift from Okawaru
 35292 | D:15     | Reached skill level 15 in Armour
 35371 | D:15     | Reached XP level 18. HP: 94/119 MP: 24/24
 35494 | Depths:1 | Received a gift from Okawaru
 36006 | Depths:1 | Found a gateway to Hell.
 36104 | Depths:2 | Found a runed translucent door.
 36210 | Depths:2 | Paralysed by a sphinx for 5 turns
 36433 | Depths:2 | Reached skill level 10 in Evocations
 36497 | Depths:2 | Paralysed by a floating eye for 4 turns
 36539 | Depths:1 | Received a gift from Okawaru
 36744 | Depths:2 | Identified the +1 chain mail of Otuofaunt {MR+ Str+4} (You
                  | found it on level 2 of the Depths)
 37135 | Depths:2 | Received a gift from Okawaru
 37135 | Depths:2 | Reached XP level 19. HP: 125/125 MP: 26/26
 37140 | Depths:2 | Noticed Louise
 37167 | Depths:2 | Killed Louise
 37341 | Depths:3 | Received a gift from Okawaru
 37429 | Depths:3 | Noticed a lich
 37444 | Depths:3 | Killed a lich
 37493 | Depths:3 | Found a burning altar of Makhleb.
 37752 | Depths:3 | Noticed the Enchantress
 37786 | Depths:3 | Killed the Enchantress
 37794 | Depths:3 | Reached skill level 15 in Maces & Flails
 38021 | Depths:3 | Identified a scroll of acquirement
 38027 | Depths:3 | Identified the amulet "Wamuakho" {Acrobat MR++ Str+3} (You
                  | acquired it on level 3 of the Depths)
 38061 | Depths:3 | Identified the +1 leather armour of the Cicada {*Corrode
                  | Regen+ Int+5}
 38126 | Depths:3 | Received a gift from Okawaru
 38294 | Depths:3 | Received a gift from Okawaru
 38316 | Depths:3 | Found a radiant altar of Vehumet.
 38365 | Depths:3 | Noticed a golden dragon
 38806 | Temple   | Entered the Ecumenical Temple
 38998 | Temple   | Fell from the grace of Okawaru
 38998 | Temple   | Became a worshipper of Qazlal Stormbringer
 39235 | Vaults:1 | Entered Level 1 of the Vaults
 39679 | Vaults:1 | Reached * piety under Qazlal
 39697 | Vaults:1 | Reached XP level 20. HP: 132/132 MP: 28/28
 40504 | Vaults:1 | Reached ** piety under Qazlal
 40764 | Vaults:2 | Found Gotech's Distillery.
 41316 | Vaults:2 | Found a staircase to the Crypt.
 41355 | Vaults:2 | Reached *** piety under Qazlal
 41641 | Vaults:2 | Reached skill level 10 in Invocations
 41816 | Vaults:3 | Noticed Mara
 41950 | Vaults:3 | Noticed Shavain's illusion
 42013 | Vaults:3 | Killed Mara
 43859 | Vaults:4 | Reached **** piety under Qazlal
 43859 | Vaults:4 | Was forgiven by Okawaru
 43906 | Vaults:4 | Reached XP level 21. HP: 69/139 MP: 30/30
 44013 | Vaults:4 | Noticed Bai Suzhen
 44054 | Vaults:4 | Killed Bai Suzhen
 44487 | Vaults:4 | Found Tuce's Antique Weapon Boutique.
 44492 | Vaults:4 | Bought a runed eveningstar for 540 gold pieces
 44596 | Vaults:4 | Reached ***** piety under Qazlal
 45782 | Depths:3 | Found a shimmering blue altar of Sif Muna.
 45881 | Depths:3 | Noticed Xtahua
 45898 | Depths:3 | Killed Xtahua
 45991 | Depths:3 | Killed a golden dragon
 46275 | Depths:3 | Got a jewelled helmet
 46281 | Depths:3 | Identified the +0 helmet "Suisteen" {+Fly Regen+ Int+3}
                  | (You found it on level 3 of the Depths)
 46281 | Depths:3 | Upgraded the game from 0.24.0-1-gfbc8707122 to
                  | 0.24.0-2-g5b39cebb1c
 46480 | Depths:3 | Found an iron altar of Okawaru.
 46775 | Depths:4 | Reached XP level 22. HP: 148/148 MP: 31/31
 46787 | Depths:4 | Noticed Margery
 46807 | Depths:4 | Killed Margery
 46826 | Depths:4 | Reached ****** piety under Qazlal
 47534 | Depths:5 | Entered Level 5 of the Depths
 47547 | Depths:5 | Noticed a juggernaut
 47628 | Depths:5 | Killed a juggernaut
 47828 | Depths:5 | Noticed a golden dragon
 47830 | Depths:5 | Noticed a golden dragon
 47831 | Depths:5 | Found a gate to the Realm of Zot.
 47880 | Depths:5 | Paralysed by a sphinx for 6 turns
 47887 | Depths:5 | Found a magical portal.
 47917 | WizLab   | Found a transporter.
 47989 | WizLab   | Found a corrupted altar of Lugonu.
 47990 | WizLab   | Found the +1 cloak of Starlight {rElec rC+ EV+4 Stlth--}
 48039 | WizLab   | Found a transporter.
 48101 | WizLab   | Found a transporter.
 48109 | WizLab   | Found a corrupted altar of Lugonu.
 48160 | WizLab   | Found a transporter.
 48211 | WizLab   | Found a transporter.
 48259 | WizLab   | Found a transporter.
 48294 | WizLab   | Found a transporter.
 48354 | WizLab   | Found a transporter.
 48510 | Depths:5 | Killed a golden dragon
 48521 | Depths:5 | Killed a golden dragon
 48861 | Depths:5 | Found a gateway to a ziggurat.
 49373 | Lair:2   | Identified the Papyrus of Blistering Evil Magic
 49377 | Lair:2   | Learned a level 1 spell: Apportation
 49381 | Lair:2   | Learned a level 3 spell: Regeneration
 49495 | Lair:5   | Reached XP level 23. HP: 154/155 MP: 33/33
 49561 | Snake:1  | Entered Level 1 of the Snake Pit
 49598 | Snake:1  | Reached skill level 1 in Translocations
 49604 | Snake:1  | Reached skill level 1 in Spellcasting
 49612 | Snake:1  | Noticed Nikola
 49620 | Snake:1  | Killed Nikola
 49620 | Snake:1  | Reached skill level 1 in Necromancy
 49694 | Snake:1  | Gained mutation: You are occasionally teleported next to
                  | monsters. [mutagenic glow]
 49705 | Snake:1  | Noticed Azrael
 49712 | Snake:1  | Noticed Josephine
 49717 | Snake:1  | Killed Josephine
 49717 | Snake:1  | Killed Azrael
 49746 | Snake:1  | Found Cues's Weapon Shop.
 49789 | Snake:1  | Noticed Aizul
 49810 | Snake:1  | Killed Aizul
 50909 | Snake:2  | Lost mutation: You are occasionally teleported next to
                  | monsters. [potion of mutation]
 50909 | Snake:2  | Gained mutation: You are frail. (-10% HP) [potion of
                  | mutation]
 50909 | Snake:2  | Gained mutation: You are partially covered in icy blue
                  | scales. (AC +2) [potion of mutation]
 51160 | Snake:3  | Noticed Saint Roka
 51181 | Snake:3  | Killed Saint Roka
 51944 | Snake:4  | Entered Level 4 of the Snake Pit
 51967 | Snake:4  | Reached skill level 15 in Invocations
 52106 | Snake:4  | Noticed Scuka's ghost (adept BaFi)
 52244 | Snake:4  | Reached skill level 5 in Spellcasting
 52244 | Snake:4  | Reached XP level 24. HP: 134/146 MP: 34/34
 52370 | Snake:4  | Found a transporter.
 52374 | Snake:4  | Found a transporter.
 52414 | Snake:4  | Found Ireqi's Antique Armour Boutique.
 52563 | Snake:4  | Reached skill level 5 in Necromancy
 52597 | Snake:4  | Killed Scuka's ghost
 52960 | Snake:4  | Got a serpentine rune of Zot
 53300 | Elf:1    | Entered Level 1 of the Elven Halls
 53443 | Elf:1    | Identified the Almanac of Creative Confrontation
 54310 | Elf:2    | Found a frozen archway.
 54326 | IceCv    | Entered an ice cave
 55165 | Elf:2    | Found a runed translucent gate.
 55169 | Elf:2    | Found a runed translucent gate.
 55170 | Elf:2    | Found a runed translucent gate.
 55340 | Elf:2    | Found Iceiniak's Jewellery Boutique.
 55340 | Elf:2    | Found Ocatuoll's Gadget Emporium.
 55341 | Elf:2    | Found Mauss's Gadget Emporium.
 55346 | Elf:2    | Bought a box of beasts for 220 gold pieces
 55346 | Elf:2    | Bought a phantom mirror for 330 gold pieces
 55350 | Elf:2    | Bought a phantom mirror for 480 gold pieces
 55352 | Elf:2    | Bought the ring "Jesoiteo" {rF+ rC+ Str+3 Dex+3 Slay+2} for
                  | 1080 gold pieces
 55352 | Elf:2    | Bought the ring "Etrim" {rC+ rN+ Str+7} for 916 gold pieces
 55904 | Elf:3    | Entered Level 3 of the Elven Halls
 55931 | Elf:3    | Found a radiant altar of Vehumet.
 56765 | Elf:3    | Identified the ring of Hekhliwu {rPois rF- rC+ rN+ MR+}
 56925 | Elf:3    | Identified the cursed +1 short sword "Hydraslayer" {venom,
                  | +Blink Int-4 Dex+3}
 56944 | Elf:3    | Identified the +2 robe "Ivim" {+Inv rC+}
 56978 | Elf:3    | Identified the cursed ring "Dimasile" {*Corrode rF+ rN+++
                  | MR+ Dex-2}
 57084 | Elf:3    | Reached XP level 25. HP: 153/153 MP: 35/35
 57100 | Elf:3    | Identified the +5 long sword "Demon's Regret" {venom, *Slow
                  | Str+4 Dex+5}
 57150 | Elf:3    | Identified the +7 lajatang of Lies {slice, rPois MR+ Str+5}
 57215 | Elf:3    | Cast into level 3 of the Abyss (a deep elf sorcerer)
 57399 | Elf:3    | Escaped the Abyss
 57544 | Elf:3    | Found the +9 scales of the Dragon King {rPois rF+ rC+ MR+}
 57545 | Elf:3    | Found the +15 Maxwell's patent armour {-Cast -Tele rElec
                  | MR+ rCorr}
 57619 | Elf:3    | Identified the cursed +1 hand crossbow "Ishari Vuqu"
                  | {freeze, Int+2} (You found it on level 3 of the Elven
                  | Halls)
 57628 | Elf:3    | Identified the +9 plate armour of the Desolation of Salt
                  | {MR+ Regen+ Str-5 Dex+3} (You found it on level 3 of the
                  | Elven Halls)
 57703 | Elf:3    | Identified the Reference Book on Shape Shifting
 58077 | Crypt:1  | Entered Level 1 of the Crypt
 58077 | Crypt:1  | Noticed Donald
 58088 | Crypt:1  | Killed Donald
 58321 | Crypt:1  | Found an ancient bone altar of Kikubaaqudgha.
 58823 | Crypt:2  | Noticed Boris
 58836 | Crypt:2  | Killed Boris
 59102 | Crypt:2  | Found a huge runed gate.
 59103 | Crypt:2  | Found a huge runed gate.
 59132 | Crypt:2  | Found a huge runed gate.
 59133 | Crypt:2  | Found a huge runed gate.
 59134 | Crypt:2  | Found a huge runed gate.
 59134 | Crypt:2  | Found a huge runed gate.
 59135 | Crypt:2  | Found a huge runed gate.
 59138 | Crypt:2  | Found a huge runed gate.
 59138 | Crypt:2  | Found a huge runed gate.
 59138 | Crypt:2  | Found a huge runed gate.
 59143 | Crypt:2  | Found a huge runed gate.
 59143 | Crypt:2  | Found a huge runed gate.
 59143 | Crypt:2  | Found a huge runed gate.
 59143 | Crypt:2  | Found a huge runed gate.
 59143 | Crypt:2  | Found a huge runed gate.
 59143 | Crypt:2  | Found a huge runed gate.
 59155 | Crypt:2  | Found a huge runed gate.
 59155 | Crypt:2  | Found a huge runed gate.
 59155 | Crypt:2  | Found a huge runed gate.
 59155 | Crypt:2  | Found a huge runed gate.
 59155 | Crypt:2  | Found a huge runed gate.
 59155 | Crypt:2  | Found a huge runed gate.
 59155 | Crypt:2  | Found a huge runed gate.
 59173 | Crypt:2  | Found a runed translucent gate.
 59173 | Crypt:2  | Found a runed translucent gate.
 59173 | Crypt:2  | Found a runed translucent gate.
 59173 | Crypt:2  | Noticed an ancient lich
 59174 | Crypt:2  | Found an ancient bone altar of Kikubaaqudgha.
 59174 | Crypt:2  | Noticed an ancient lich
 59175 | Crypt:2  | Noticed Roocroe's ghost (veteran MiGl)
 59373 | Crypt:2  | Found a huge runed gate.
 59373 | Crypt:2  | Found a huge runed gate.
 59373 | Crypt:2  | Found a huge runed gate.
 59373 | Crypt:2  | Found a huge runed gate.
 59373 | Crypt:2  | Found a huge runed gate.
 59373 | Crypt:2  | Found a huge runed gate.
 59373 | Crypt:2  | Found a huge runed gate.
 59374 | Crypt:2  | Found a huge runed gate.
 59374 | Crypt:2  | Found a huge runed gate.
 59375 | Crypt:2  | Found a huge runed gate.
 59381 | Crypt:2  | Found a huge runed gate.
 59392 | Crypt:2  | Found a huge runed gate.
 59447 | Crypt:2  | Found a huge runed gate.
 59624 | Crypt:2  | Killed an ancient lich
 59642 | Crypt:2  | Killed an ancient lich
 59642 | Crypt:2  | Reached skill level 5 in Translocations
 59674 | Crypt:2  | Killed Roocroe's ghost
 59674 | Crypt:2  | Reached XP level 26. HP: 151/159 MP: 36/36
 59689 | Crypt:2  | Identified the cursed +0 cloak of Tenacity {*Drain Int+3
                  | Stlth+} (You found it on level 2 of the Crypt)
 59693 | Crypt:2  | Got a wavering garnet amulet
 59694 | Crypt:2  | Identified the amulet of Toxkofon {+Rage rF+ rC++ Int+2
                  | Slay-2 SInv} (You found it on level 2 of the Crypt)
 59723 | Crypt:2  | Noticed an ancient lich
 59723 | Crypt:2  | Noticed an ancient lich
 59743 | Crypt:2  | Killed an ancient lich
 59754 | Crypt:1  | Killed an ancient lich
 59946 | Crypt:3  | Entered Level 3 of the Crypt
 60628 | Crypt:3  | Found a staircase to the Tomb.
 60714 | Crypt:3  | Noticed a greater mummy
 60720 | Crypt:3  | Killed a greater mummy
 61063 | Crypt:3  | Gained mutation: You occasionally shout uncontrollably at
                  | your foes. [a neqoxec]
 61357 | Tomb:1   | Entered Level 1 of the Tomb of the Ancients
 61502 | Tomb:1   | Noticed Jory
 61527 | Tomb:1   | Killed Jory
 61662 | Tomb:1   | Noticed a greater mummy
 61671 | Tomb:1   | Killed a greater mummy
 61695 | Tomb:1   | Reached skill level 10 in Spellcasting
 61823 | Tomb:1   | Noticed a greater mummy
 61826 | Tomb:1   | Noticed a greater mummy
 61833 | Tomb:1   | Killed a greater mummy
 61845 | Tomb:1   | Killed a greater mummy
 62514 | Vaults:5 | Entered Level 5 of the Vaults
 62541 | Vaults:5 | Reached XP level 27. HP: 154/165 MP: 37/37
 62542 | Vaults:5 | Reached skill level 10 in Necromancy
 62581 | Vaults:5 | HP: 2/167 [storm dragon (12)]
 62614 | Vaults:5 | Gained mutation: You are clumsy. (Dex -2) [mutagenic glow]
 62663 | Vaults:5 | Found Jomutsess's Antique Armour Shoppe.
 62794 | Vaults:5 | Identified the +3 war axe of Sin {elec, rElec rPois Int-4
                  | SInv}
 63183 | Vaults:5 | Got a heavily runed lead ring
 63184 | Vaults:5 | Identified the ring of Hinnoxea {rPois rF+ MR+ Str-4 Int+4}
                  | (You found it on level 5 of the Vaults)
 63247 | Vaults:5 | Got a silver rune of Zot
 64223 | Slime:1  | Entered Level 1 of the Pits of Slime
 64712 | Slime:2  | Reached skill level 15 in Evocations
 65742 | Slime:5  | Entered Level 5 of the Pits of Slime
 65941 | Slime:5  | Noticed the Royal Jelly
 66344 | Slime:5  | Killed the Royal Jelly
 66574 | Slime:5  | Got a scintillating amber ring
 66575 | Slime:5  | Identified the ring "Malich" {Dex+2 Slay+6} (You found it
                  | on level 5 of the Pits of Slime)
 66615 | Slime:5  | Got a slimy rune of Zot
 67567 | Zot:1    | Entered Level 1 of the Realm of Zot
 67887 | Zot:1    | Noticed an orb of fire
 67901 | Zot:1    | Lost mutation: You occasionally shout uncontrollably at
                  | your foes. [an orb of fire]
 67910 | Zot:1    | Killed an orb of fire
 69161 | Zot:2    | Found a corrupted altar of Lugonu.
 69205 | Zot:2    | Identified the Volume of the Zealot
 69223 | Zot:2    | Identified the Handbook of Fire and Brimstone
 70039 | Zot:3    | Noticed an orb of fire
 70045 | Zot:3    | Gained mutation: Your body sometimes deteriorates upon
                  | taking damage. [an orb of fire]
 70059 | Zot:3    | Gained mutation: Your body often deteriorates upon taking
                  | damage. [an orb of fire]
 70060 | Zot:3    | Killed an orb of fire
 70987 | Zot:4    | Identified the -1 pair of boots of Giluytye {rC+} (You
                  | found it on level 4 of the Realm of Zot)
 71293 | Zot:4    | Identified the +4 dragonskin cloak
 71293 | Zot:4    | Noticed Tiamat
 71339 | Zot:4    | Killed Tiamat
 71631 | Zot:4    | Got a heavily runed bone ring
 71632 | Zot:4    | Identified the ring of Qioxaah {rElec rC- Int+4 SInv
                  | Stlth+} (You found it on level 4 of the Realm of Zot)
 71854 | Zot:5    | Entered Level 5 of the Realm of Zot
 72115 | Zot:5    | Noticed an ancient lich
 72116 | Zot:5    | Noticed an ancient lich
 72117 | Zot:5    | Noticed an orb of fire
 72118 | Zot:5    | Noticed an orb of fire
 72152 | Zot:5    | Noticed an orb of fire
 72174 | Zot:4    | Killed an orb of fire
 72176 | Zot:5    | Gained mutation: Scrolls take you a little longer to read.
                  | [an orb of fire]
 72190 | Zot:4    | Killed an orb of fire
 72196 | Zot:5    | Noticed an ancient lich
 72202 | Zot:4    | Lost mutation: Scrolls take you a little longer to read.
                  | [an orb of fire]
 72206 | Zot:4    | Gained mutation: Your magical capacity is low. (-10% MP)
                  | [an orb of fire]
 72207 | Zot:4    | Killed an orb of fire
 72267 | Zot:4    | Killed an ancient lich
 72294 | Zot:5    | Noticed an ancient lich
 72298 | Zot:5    | Noticed an ancient lich
 72307 | Zot:4    | Killed an ancient lich
 72313 | Zot:5    | Noticed an ancient lich
 72319 | Zot:4    | Killed an ancient lich
 72330 | Zot:4    | Killed an ancient lich
 72353 | Zot:4    | Killed an ancient lich
 72493 | Zot:4    | Killed an ancient lich
 72982 | Zot:5    | Paralysed by the power of Zot for 3 turns
 73370 | Hell     | Entered the Vestibule of Hell
 73370 | Hell     | Noticed Geryon
 73662 | Hell     | Noticed Murray
 73690 | Hell     | Killed Geryon
 73699 | Depths:5 | Killed Murray
 73913 | Hell     | Found a gateway to the ashen valley of Gehenna.
 73966 | Hell     | Found a gateway to the decaying netherworld of Tartarus.
 74071 | Hell     | Found a gateway to the Iron City of Dis.
 74130 | Hell     | Found a gateway to the freezing wastes of Cocytus.
 74211 | Hell     | Upgraded the game from 0.24.0-2-g5b39cebb1c to
                  | 0.24.0-3-g28a8eb0610
 74214 | Geh:1    | Entered Level 1 of Gehenna
 74345 | Hell     | Gained mutation: Armour fits poorly on your strangely
                  | shaped body. [mutagenic glow]
 74566 | Geh:1    | Reached skill level 27 in Fighting
 74921 | Geh:1    | You are sucked into a shaft and drop 1 floor!
 75813 | Geh:1    | You are sucked into a shaft and drop 1 floor!
 76419 | Geh:3    | You are sucked into a shaft and drop 2 floors!
 76507 | Geh:5    | Reached skill level 27 in Invocations
 77111 | Geh:5    | Gained mutation: You are very frail. (-20% HP) [mutagenic
                  | glow]
 77262 | Geh:5    | Lost mutation: You are clumsy. (Dex -2) [potion of
                  | mutation]
 77262 | Geh:5    | Lost mutation: Your magical capacity is low. (-10% MP)
                  | [potion of mutation]
 77262 | Geh:5    | Lost mutation: You are very frail. (-20% HP) [potion of
                  | mutation]
 77262 | Geh:5    | Gained mutation: You have a somewhat thin skeletal
                  | structure. (Dex +2, Stealth) [potion of mutation]
 77262 | Geh:5    | Gained mutation: You are partially covered in large bone
                  | plates. (SH +4) [potion of mutation]
 77263 | Geh:5    | Lost mutation: You are frail. (-10% HP) [potion of
                  | mutation]
 77263 | Geh:5    | Lost mutation: Your body often deteriorates upon taking
                  | damage. [potion of mutation]
 77263 | Geh:5    | Lost mutation: Your body sometimes deteriorates upon taking
                  | damage. [potion of mutation]
 77263 | Geh:5    | Gained mutation: You have sharp toenails. [potion of
                  | mutation]
 77263 | Geh:5    | Gained mutation: You are somewhat resistant to further
                  | mutation. [potion of mutation]
 77565 | Geh:6    | Paralysed by an eldritch tentacle for 5 turns
 77955 | Geh:7    | Entered Level 7 of Gehenna
 77996 | Geh:7    | Gained mutation: You do not regenerate when monsters are
                  | visible. [mutagenic glow]
 79398 | Geh:7    | Lost mutation: You have sharp toenails. [potion of
                  | mutation]
 79398 | Geh:7    | Lost mutation: You do not regenerate when monsters are
                  | visible. [potion of mutation]
 79398 | Geh:7    | Gained mutation: Your natural rate of healing is unusually
                  | fast. [potion of mutation]
 79454 | Geh:7    | Identified the +7 sceptre of Asmodeus
 79454 | Geh:7    | Noticed Asmodeus
 79486 | Geh:7    | Killed Asmodeus
 79513 | Geh:7    | Got an obsidian rune of Zot
 79735 | Coc:1    | Entered Level 1 of Cocytus
 79793 | Coc:1    | Reached skill level 15 in Spellcasting
 84601 | Coc:5    | Learned a level 2 spell: Swiftness
 86225 | Coc:7    | Entered Level 7 of Cocytus
 86230 | Coc:7    | Upgraded the game from 0.24.0-3-g28a8eb0610 to
                  | 0.24.0-7-gb3623d2c88
 86900 | Coc:7    | Identified the +5 spear of the Spider Nest {pierce, rF-
                  | Int+5}
 86900 | Coc:7    | Noticed Antaeus
 86922 | Coc:7    | Killed Antaeus
 87133 | Coc:7    | Got an icy rune of Zot
 87137 | Coc:7    | Found the +6 Majin-Bo {vamp, Archmagi MP+6 Int+6}
 87154 | Coc:7    | Identified the Grimoire of Vitriolic Changing
 87580 | Tar:1    | Entered Level 1 of Tartarus
 89028 | Tar:2    | You are sucked into a shaft and drop 2 floors!
 89067 | Tar:4    | Reached skill level 27 in Maces & Flails
 89205 | Tar:4    | Reached skill level 5 in Dodging
 91824 | Tar:7    | Entered Level 7 of Tartarus
 92294 | Tar:7    | Noticed Ereshkigal
 92480 | Tar:7    | Upgraded the game from 0.24.0-7-gb3623d2c88 to
                  | 0.24.0-13-gcf9b3192b9
 92566 | Tar:7    | Reached skill level 10 in Dodging
 92630 | Tar:7    | Identified the Volume of the Glacier and the Arsonist
 92857 | Tar:7    | Killed Ereshkigal
 92903 | Tar:7    | Got a bone rune of Zot
 93105 | Tar:7    | Noticed an ancient lich
 93113 | Tar:7    | Killed an ancient lich
 93345 | Tar:7    | Got a coiled amber ring
 93346 | Tar:7    | Identified the ring "Feusheg" {SInv Stlth+} (You found it
                  | on level 7 of Tartarus)
 93590 | Dis:1    | Entered Level 1 of the Iron City of Dis
 94585 | D:3      | Fell from the grace of Qazlal
 94585 | D:3      | Became a worshipper of the Shining One
 95661 | Dis:1    | Reached * piety under the Shining One
 95778 | Dis:1    | Reached ** piety under the Shining One
 95908 | Dis:2    | Reached *** piety under the Shining One
 96463 | Dis:2    | Reached **** piety under the Shining One
 96678 | Dis:2    | Reached ***** piety under the Shining One
 97039 | Dis:3    | Reached ****** piety under the Shining One
 97064 | Dis:3    | Reached skill level 15 in Dodging
 97186 | Dis:3    | Identified a +9 eveningstar of holy wrath (a +7 eveningstar
                  | of protection blessed by the Shining One)
 97186 | Dis:3    | Received a gift from the Shining One
 97585 | Dis:3    | You are sucked into a shaft and drop 2 floors!
 98532 | Dis:7    | Entered Level 7 of the Iron City of Dis
 99189 | Dis:7    | Identified the +3 spear of Starshine {venom, rPois Int+4}
 99189 | Dis:7    | Identified the ring "Begre" {rN+ Str+6}
 99280 | Dis:7    | Identified the +3 plate armour "Amiot" {rElec rF+ Int-5}
 99438 | Dis:7    | Identified the +4 staff of Dispater
 99438 | Dis:7    | Noticed Dispater
 99463 | Dis:7    | Killed Dispater
 99490 | Dis:7    | Got an iron rune of Zot
 99611 | Dis:7    | Identified the cursed +0 pair of gloves "Qastream" {MR+
                  | Str+4} (You found it on level 7 of the Iron City of Dis)
100272 | Pan      | Entered Pandemonium
100468 | Pan      | Noticed Beibypak the pandemonium lord
100494 | Pan      | Killed Beibypak the pandemonium lord
100824 | Pan      | Found a transporter.
101457 | Pan      | Was forgiven by Qazlal
101683 | Pan      | Found a transporter.
101924 | Pan      | Gained mutation: You are clumsy. (Dex -2) [a cacodemon]
101974 | Pan      | Identified the amulet "Baogin" {Faith rPois Int+3} (You
                  | found it in Pandemonium)
102019 | Pan      | Noticed Isottihyrch the pandemonium lord
102034 | Pan      | Killed Isottihyrch the pandemonium lord
103047 | Pan      | Noticed Qibeson the pandemonium lord
103057 | Pan      | Killed Qibeson the pandemonium lord
103745 | Pan      | Entered the realm of Lom Lobon.
103764 | Pan      | Noticed Lom Lobon
103777 | Pan      | Killed Lom Lobon
103781 | Pan      | utbildad: Could you make a char dump please? At the same
                  | spot with same setup, just want to compare. :)
103781 | Pan      | Got a magical rune of Zot
104109 | Pan      | Found an exit through the horrors of the Abyss.
104799 | Pan      | Noticed Dawnejy the pandemonium lord
104812 | Pan      | Killed Dawnejy the pandemonium lord
105353 | Pan      | Noticed Muliclem the pandemonium lord
105357 | Pan      | Identified the cursed -6 large shield of Megol {rC+ MR+
                  | Str+4 Stlth+}
105369 | Pan      | Killed Muliclem the pandemonium lord
105997 | Pan      | Noticed Guahua the pandemonium lord
106014 | Pan      | Killed Guahua the pandemonium lord
106079 | Pan      | Got a demonic rune of Zot
106755 | Pan      | Entered the realm of Cerebov.
107650 | Pan      | Identified the +11 broad axe "Vengixor" {flame, rN+ Str+2}
                  | (You found it in Pandemonium)
107653 | Pan      | Identified Sif Muna's Grimoire of the Oath and Lightness
107740 | Pan      | Identified the +6 sword of Cerebov {flame}
107740 | Pan      | Noticed Cerebov
107770 | Pan      | Killed Cerebov
107847 | Pan      | Got a fiery rune of Zot
108011 | Pan      | Entered the realm of Gloorx Vloq.
108133 | Pan      | Found an exit through the horrors of the Abyss.
108441 | Pan      | Noticed Gloorx Vloq
108454 | Pan      | Killed Gloorx Vloq
108522 | Pan      | Got a dark rune of Zot
108657 | Pan      | Reached skill level 27 in Dodging
108879 | Pan      | Entered the realm of Mnoleg.
109010 | Pan      | Found an exit through the horrors of the Abyss.
109060 | Pan      | Gained mutation: You tend to lose your temper in combat. [a
                  | neqoxec]
109353 | Pan      | Noticed Mnoleg
109374 | Pan      | Killed Mnoleg
109412 | Pan      | Got a glowing rune of Zot
109863 | Pan      | Paralysed by accursed screaming for 1 turns
109864 | Pan      | Cast into level 5 of the Abyss (you)
109864 | Abyss:5  | Entered Level 5 of the Abyss
109900 | Pan      | Escaped the Abyss
110281 | Pan      | Found an exit through the horrors of the Abyss.
110434 | Pan      | Noticed Fumeos the pandemonium lord
110444 | Pan      | Killed Fumeos the pandemonium lord
110446 | Pan      | Gained mutation: Your body sometimes deteriorates upon
                  | taking damage. [a neqoxec]
110575 | Pan      | Found a runed translucent door.
112097 | Pan      | Identified the +9 quarterstaff of Pueckerche {crush, Dex+5}
112102 | Pan      | Noticed Uppamn the pandemonium lord
112116 | Pan      | Killed Uppamn the pandemonium lord
112599 | Depths:5 | Escaped Pandemonium
112679 | Depths:4 | Voluntarily entered the Abyss.
113206 | Abyss:1  | Noticed an ancient lich
113210 | Abyss:1  | Killed an ancient lich
113448 | Abyss:3  | Paralysed by accursed screaming for 1 turns
113517 | Abyss:3  | Lost mutation: You tend to lose your temper in combat.
                  | [potion of mutation]
113517 | Abyss:3  | Lost mutation: Your body sometimes deteriorates upon taking
                  | damage. [potion of mutation]
113517 | Abyss:3  | Lost mutation: Armour fits poorly on your strangely shaped
                  | body. [potion of mutation]
113517 | Abyss:3  | Lost mutation: You are partially covered in large bone
                  | plates. (SH +4) [potion of mutation]
113706 | Abyss:3  | Identified the cursed ring of Resher {EV-3 Int+2} (You
                  | found it on level 3 of the Abyss)
113795 | Abyss:3  | Got an abyssal rune of Zot
114020 | Depths:4 | Escaped the Abyss
114535 | Tomb:2   | Noticed a greater mummy
114535 | Tomb:2   | Cast into level 5 of the Abyss (the power of Zot)
114535 | Abyss:5  | Entered Level 5 of the Abyss
114585 | Tomb:2   | Escaped the Abyss
114585 | Tomb:2   | Noticed a greater mummy
114585 | Tomb:2   | Noticed a greater mummy
114585 | Tomb:2   | Noticed a greater mummy
114585 | Tomb:2   | Noticed a greater mummy
114589 | Tomb:2   | Noticed Boris
114661 | Tomb:2   | Killed a greater mummy
114673 | Tomb:2   | Killed a greater mummy
114681 | Tomb:2   | Killed Boris
114693 | Tomb:2   | Killed a greater mummy
114705 | Tomb:2   | Killed a greater mummy
114789 | Tomb:2   | Killed a greater mummy
114962 | Tomb:2   | Found the -2 hat of the Alchemist {rElec rPois rF+ rC+ rN+
                  | MR+ rMut rCorr}
115359 | Tomb:1   | Noticed a greater mummy
115369 | Tomb:1   | Killed a greater mummy
115391 | Tomb:1   | Noticed a greater mummy
115396 | Tomb:1   | Killed a greater mummy
115397 | Tomb:1   | Noticed a greater mummy
115402 | Tomb:1   | Paralysed by the power of Zot for 5 turns
115411 | Tomb:1   | Noticed a greater mummy
115414 | Tomb:1   | Killed a greater mummy
115423 | Tomb:1   | Killed a greater mummy
115455 | Tomb:1   | Noticed a greater mummy
115463 | Tomb:1   | Killed a greater mummy
115474 | Tomb:1   | Noticed a greater mummy
115475 | Tomb:1   | Noticed a greater mummy
115483 | Tomb:1   | Killed a greater mummy
115516 | Tomb:1   | Killed a greater mummy
115528 | Tomb:1   | Noticed a greater mummy
115529 | Tomb:1   | Noticed a greater mummy
115531 | Tomb:1   | Noticed a greater mummy
115532 | Tomb:1   | Noticed a greater mummy
115541 | Tomb:1   | Noticed a greater mummy
115619 | Tomb:1   | Killed a greater mummy
115625 | Tomb:1   | Killed a greater mummy
115633 | Tomb:1   | Killed a greater mummy
115666 | Tomb:1   | Killed a greater mummy
115708 | Tomb:1   | Killed a greater mummy
115708 | Tomb:1   | Reached skill level 27 in Armour
115725 | Tomb:1   | Noticed a greater mummy
115732 | Tomb:1   | Killed a greater mummy
115735 | Tomb:1   | Noticed a greater mummy
115743 | Tomb:1   | Killed a greater mummy
115758 | Tomb:1   | Noticed a greater mummy
115764 | Tomb:1   | Killed a greater mummy
115785 | Tomb:1   | Noticed a greater mummy
115804 | Tomb:1   | Killed a greater mummy
115870 | Tomb:1   | Noticed a greater mummy
115878 | Tomb:1   | Killed a greater mummy
115900 | Tomb:1   | Noticed a greater mummy
115900 | Tomb:1   | Noticed a greater mummy
115949 | Tomb:1   | Gained mutation: Your mind is acute. (Int +2) [a neqoxec]
116040 | Tomb:1   | Killed a greater mummy
116059 | Tomb:1   | Killed a greater mummy
116176 | Tomb:1   | Noticed a greater mummy
116182 | Tomb:1   | Killed a greater mummy
116211 | Tomb:1   | Noticed a greater mummy
116218 | Tomb:1   | Killed a greater mummy
116637 | Tomb:3   | Entered Level 3 of the Tomb of the Ancients
116640 | Tomb:3   | Noticed a greater mummy
116646 | Tomb:3   | Killed a greater mummy
116647 | Tomb:3   | Noticed a greater mummy
116655 | Tomb:3   | Killed a greater mummy
116660 | Tomb:3   | Noticed a greater mummy
116671 | Tomb:3   | Killed a greater mummy
116682 | Tomb:3   | Got a golden rune of Zot
116748 | Tomb:3   | Noticed a greater mummy
116766 | Tomb:3   | Killed a greater mummy
116785 | Tomb:3   | Noticed a greater mummy
116791 | Tomb:3   | Killed a greater mummy
116793 | Tomb:3   | Noticed a greater mummy
116807 | Tomb:3   | Killed a greater mummy
116808 | Tomb:3   | Noticed a greater mummy
116814 | Tomb:3   | Killed a greater mummy
116931 | Tomb:3   | Noticed Mennas
116935 | Tomb:3   | Noticed a greater mummy
116940 | Tomb:3   | Killed a greater mummy
116942 | Tomb:3   | Noticed an ancient lich
116953 | Tomb:3   | Killed an ancient lich
116960 | Tomb:3   | Killed Mennas
117162 | Tomb:3   | Got a scorched platinum ring
117175 | Tomb:3   | Identified the ring "Kasep" {+Inv +Fly Str-4 Slay+4 SInv}
                  | (You found it on level 3 of the Tomb of the Ancients)
117179 | Tomb:3   | Identified the cursed ring "Zuthuh" {Str+2 Int+2 Dex-3}
                  | (You found it on level 3 of the Tomb of the Ancients)
117182 | Tomb:3   | Got a scorched golden ring
117194 | Tomb:3   | Identified the Tome of the Excruciating Escort
117197 | Tomb:3   | Identified the ring of the Griffon {+Inv Str+4} (You found
                  | it on level 3 of the Tomb of the Ancients)
117200 | Tomb:3   | Identified the ring "Reofop" {Fire rElec rPois Str+2} (You
                  | found it on level 3 of the Tomb of the Ancients)
117203 | Tomb:3   | Identified the amulet "Zanluary" {+Rage rN+ MR+ Dex+3} (You
                  | found it on level 3 of the Tomb of the Ancients)
117273 | Tomb:3   | Identified the cursed +0 pair of boots of Distant Worlds
                  | {Int+3 SInv} (You found it on level 3 of the Tomb of the
                  | Ancients)
118379 | Zot:5    | Got the Orb of Zot
118874 | D:7      | Noticed Kuzxey the pandemonium lord
119085 | D:$      | Escaped with the Orb!

Levels and vault maps discovered:
D:1:      dpeg_arrival_shelter, layout_basic
D:2:      layout_basic, fedhas_altar_1
D:3:      layout_rooms, grunt_temple_overflow_open, okawaru_metal_pillars_1_2
D:4:      layout_cave_pools, minmay_temple_entry_sparse_star, serial_shops,
          nicolae_shop_waterfront, first_ration
D:5:      layout_cave_pods, nicolae_dithmenos_the_darkroom
D:6:      layout_basic, minmay_misc_feat_x
D:7:      layout_basic
D:8:      layout_loops_ring, david_lair_shrubbed
D:9:      layout_stronghold, uniq_grum
D:10:     layout_basic
D:11:     layout_loops_corners, uniq_psyche
D:12:     layout_rooms, hiddenorc2_lemuel, basic_altar
D:13:     layout_loops_ring, gauntlet_entry_generic, special_room
          [special_room_orc], hangedman_ranch [blue_anna_fruit_fields],
          minmay_holes
D:14:     layout_irregular_city, erik_vaults_1
D:15:     grunt_enter_depths_magical_seal, layout_layer_cave,
          hangedman_abyss_or_decor_passed, minmay_misc_feat_tiny
Temple:   eino_temple_scatter_basement
Lair:1:   layout_chaotic_city, eino_small_chamber_without_monster,
          minmay_shattered_shrine
Lair:2:   layout_long_grid, minmay_lair_oklob_chamber
Lair:3:   beast_lair_carwin_large_2, layout_cave_shapes,
          nicolae_swamp_entry_splash_gauntlet, minmay_snake_entry_six_corridors,
          minivault_11, lemuel_fruit_tree
Lair:4:   lemuel_slime, layout_hall_layers
Lair:5:   layout_roguey, slime_altar_2, infiniplex_staircase_pool_2
Lair:6:   grunt_lair_end_beastmaster, layout_layer_cave
Swamp:1:  layout_basic_swamp, evilmike_swamp_ruin_house_4
Swamp:2:  layout_falls_marsh, evilmike_swamp_ruin_house_5,
          nicolae_swamp_baby_hydras, infiniplex_staircase_pool
Swamp:3:  layout_falls_marsh, evilmike_swamp_ruin_rubble_2, uniq_kirke,
          uniq_roxanne
Swamp:4:  swamp_pestilence, layout_basic_swamp, swamp_pool2
Snake:1:  layout_rooms, serial_shops, shop, uniq_azrael, uniq_josephine,
          uniq_nikola, uniq_aizul
Snake:2:  minmay_snake_river, layout_honeycomb
Snake:3:  layout_gridlike, nrook_guardian_serpent_ordinary, grunt_megastairs_1,
          serial_bayou_shore_a, uniq_saint_roka
Snake:4:  grunt_snake_rune_serpentine_throne, layout_cave_town,
          gammafunk_ghost_arena, serial_shops, shop, abandoned_shop,
          hangedman_corner_corridor
Slime:1:  layout_caves
Slime:2:  layout_caves, cheibrodos_slime_lost_civilization_5
Slime:3:  layout_caves
Slime:4:  layout_caves
Slime:5
Orc:1:    layout_caves, uniq_fannar, uniq_gastronok
Orc:2:    kennysheep_orc_mage_school, layout_caves, basic_altar,
          gammafunk_ghost_necromancy, nicolae_orc_pool_cavern,
          guppyfry_orc_lava_fort
Elf:1:    eino_elf_arrival_shootout, layout_loops_corners, minmay_elf_sorcery,
          small_chamber_with_monster
Elf:2:    layout_onion_city, portal_ice_cave_entry_ice_statue_two, minivault_23,
          minmay_shop_grove
Elf:3:    nooodl_elf_gasket, layout_geoelf_grid, basic_altar
Vaults:1: v_rooms_5, hangedman_vaults_maws, vaults_room_grid, vaults_room_pools,
          vaults_room_ringed_pool, nicolae_vaults_little_squares_2, v_misc_9,
          grunt_vaults_twisty, vaults_dpeg_doors, vaults_dpeg_ring,
          nicolae_vaults_asterisk, layout_vaults_big_room
Vaults:2: minmay_crypt_entry_simple_corners, vaults_mumra_lcd,
          ontoclasm_vaults_misaligned, vaults_mumra_minichess_inversion,
          vaults_room_pool, nicolae_vaults_theta, v_misc_11, v_misc_30,
          v_misc_3, ontoclasm_vaults_ring_square, v_misc_2,
          vaults_room_grunt_arrival_checkpoint, layout_vaults_maze_bifur,
          serial_shops, shop
Vaults:3: nicolae_vaults_little_squares_3, grunt_vaults_diagonal,
          grunt_vaults_funnel, v_alt_pattern_6, hangedman_vaults_nails,
          vaults_room_hallway, ontoclasm_vaults_spin, v_misc_29, v_misc_26,
          ontoclasm_vaults_tryst, layout_vaults_omnicross, uniq_mara
Vaults:4: ontoclasm_vaults_ring_square, nicolae_vaults_what_the_h, st_lattice,
          hangedman_vaults_snaps, v_rooms_4, nicolae_vaults_rhombus_7,
          vaults_room_large_hall, nicolae_vaults_theta,
          nicolae_vaults_little_squares_6, nicolae_vaults_shelves_hall,
          nicolae_vaults_circle_grid_b, ontoclasm_vaults_loading_screen,
          ontoclasm_vaults_ligature, grunt_vaults_hallway_short,
          nicolae_vaults_specimen_jars, layout_vaults_ring, serial_shops, shop,
          uniq_bai_suzhen
Vaults:5: serial_shops
Crypt:1:  layout_rooms, lemuel_hellish_altar, grunt_crypt_arrival_split,
          grunt_megastairs_3, uniq_donald
Crypt:2:  layout_regular_city, gammafunk_ghost_crypt, st_stairs_13, door_vault,
          uniq_boris
Crypt:3:  due_elkab, layout_chaotic_city, nicolae_tomb_entry_rubble_hallway,
          lemuel_freeze_loot_1
Tomb:1:   uniq_jory
Tomb:2
Tomb:3:   uniq_mennas
Depths:1: layout_cave_shapes, abyss_entry, grunt_pan_entry_spiral,
          grunt_hell_entry_dis_mu, st_stairs_6, minmay_pinched_square
Depths:2: minmay_the_grid_four_pointed_star_mashed
          [minmay_the_grid_triangle_9x9_zippers_vertical,
          minmay_the_grid_triangle_9x9_swiss_cheese,
          minmay_the_grid_triangle_9x9_subtriangle,
          minmay_the_grid_triangle_9x9_alien, minmay_the_grid_prize_trominoes],
          layout_basic, hell_entry, rand_demon_pan_entry_8,
          nicolae_abyss_entry_one_way_or_another, kennysheep_generic_room_15
Depths:3: grunt_profane_halls [grunt_profane_temple_coc,
          grunt_profane_temple_geh, grunt_profane_temple_dis,
          grunt_profane_temple_tar, grunt_profane_loot], hell_entry, pan_entry,
          abyss_entry, uniq_enchantress, uniq_xtahua
Depths:4: cheibrodos_quadrivalence, layout_cave_shapes, abyss_entry_crystal,
          grunt_mini_vestibule, dk_noncrumbling_4, infiniplex_staircase_x,
          serial_bayou_shore_b, grunt_megastairs_5, uniq_margery
Depths:5: grunt_zot_entry_bicorn, layout_cave_pools, enter_ziggurat_d,
          hell_entry, pan_entry, lightli_enter_wizlab_magi_temple,
          serial_bayou_shore_b
Hell
Dis:1:    layout_gridville
Dis:2:    layout_overlapping_boxes, hangedman_dis_decor_blocks_crown
Dis:3:    layout_gridville
Dis:5:    layout_regular_city
Dis:6:    layout_chaotic_city
Dis:7:    iron_city_of_dis [dis_grunt, dis_wall_4], layout_chaotic_city
Geh:1:    layout_gehenna_pools_basic
Geh:2:    layout_gehenna_pools_box, lemuel_elevator
Geh:3:    layout_gehenna_lava_caves, gehenna_fire_generator
Geh:5:    layout_gehenna_lava_caves
Geh:6:    layout_gehenna_pools_basic, lemuel_flamethrower_3
Geh:7:    geh_grunt
Coc:1:    layout_ice_bergs
Coc:2:    layout_ice_bergs
Coc:3:    layout_cocytus_water_paths
Coc:4:    layout_cocytus_water_paths
Coc:5:    layout_ice_bergs
Coc:6:    layout_cocytus_water_paths
Coc:7:    coc_hangedman
Tar:1:    layout_catacombs
Tar:2:    layout_grid_maze
Tar:4:    layout_catacombs
Tar:5:    layout_honeycomb
Tar:6:    layout_cathedral_of_symmetry
Tar:7:    tar_old
Zot:1:    layout_twisted_circle
Zot:2:    nicolae_zot_draconian_monastery, layout_gridlike
Zot:3:    layout_misc_corridors
Zot:4:    layout_basic, st_grand_hoard_of_tiamat
Zot:5:    layout_misc_corridors, st_stairs_11, hangedman_zot_diagonal_lockstep

Skill      XL: |  1  2  3  4  5  6  7  8  9 10 11 12 13 14 15 16 17 18 19 20 21 22 23 24 25 26 27 |
---------------+----------------------------------------------------------------------------------+-----
Fighting       | 4 5 6 7 8 10 11 12 13 14 15 16 17 18 19 20 21 27 | 27.0
Shields        | 4 5 6 7 8 10 11 12 13 14 15 16 17 18 19 20 21 25 | 25.3
Armour         | 4 5 6 7 8 10 11 12 13 14 15 16 17 18 27 | 27.0
Maces & Flails | 3 4 5 6 7 8 10 11 12 13 14 15 16 27 | 27.0
Invocations    | 1 2 4 6 7 8 9 10 12 14 15 16 17 18 27 | 27.0
Crossbows      | 3 5 7 8 9 10 | 10.0
Evocations     | 3 5 6 7 9 10 11 12 13 24 | 24.3
Dodging        | 2 3 27 | 27.0
Translocations | 3 5 6 |  6.0
Spellcasting   | 5 7 9 10 15 | 15.2
Necromancy     | 4 6 8 9 12 | 12.1

Action                   |  1- 3 |  4- 6 |  7- 9 | 10-12 | 13-15 | 16-18 | 19-21 | 22-24 | 25-27 || total
-------------------------+-------+-------+-------+-------+-------+-------+-------+-------+-------++-------
Melee: Flail             |   109 |   291 |   496 |   119 |       |       |       |       |       ||  1015
       Mace              |       |       |   166 |  1171 |       |       |       |       |       ||  1337
       Quarterstaff      |       |       |       |    90 |       |       |       |       |       ||    90
       Dire flail        |       |       |       |    79 |   627 |       |       |       |       ||   706
       Morningstar       |       |       |       |       |   797 |  1780 |       |       |       ||  2577
       Great mace        |       |       |       |       |    16 |       |       |       |       ||    16
       Eveningstar       |       |       |       |       |       |    83 |  2183 |  1681 | 12420 || 16367
 Fire: Hand crossbow     |       |       |       |       |       |    35 |    37 |     9 |    49 ||   130
Throw: Dart              |       |       |     4 |       |       |       |       |       |       ||     4
 Cast: Regeneration      |       |       |       |       |       |       |       |     1 |    59 ||    60
       Apportation       |       |       |       |       |       |       |       |       |     3 ||     3
       Swiftness         |       |       |       |       |       |       |       |       |     2 ||     2
Invok: Heroism           |       |     3 |     8 |     3 |     9 |     7 |     2 |       |       ||    32
       Finesse           |       |       |       |     1 |     2 |     1 |       |       |       ||     4
       Upheaval          |       |       |       |       |       |       |     4 |     3 |    32 ||    39
       Elemental Force   |       |       |       |       |       |       |       |       |     1 ||     1
       Summon Divine War |       |       |       |       |       |       |       |       |    32 ||    32
       Cleansing Flame   |       |       |       |       |       |       |       |       |    27 ||    27
       Divine Shield     |       |       |       |       |       |       |       |       |     6 ||     6
       Disaster Area     |       |       |       |       |       |       |       |       |     3 ||     3
       Brand Weapon With |       |       |       |       |       |       |       |       |     1 ||     1
 Abil: Fly               |       |       |       |       |       |     2 |     1 |     1 |     2 ||     6
       Stop Flying       |       |       |       |       |       |     2 |       |     1 |     3 ||     6
       Evoke Invisibilit |       |       |       |       |       |       |       |     2 |    18 ||    20
       Evoke Flight      |       |       |       |       |       |       |       |       |     2 ||     2
Evoke: Wand              |       |       |       |       |     9 |     1 |     3 |       |    20 ||    33
       Lightning rod     |       |       |       |       |       |     2 |     8 |     4 |     4 ||    18
       Lamp of fire      |       |       |       |       |       |     1 |     2 |       |     2 ||     5
       Fan of gales      |       |       |       |       |       |       |       |       |     1 ||     1
       Sack of spiders   |       |       |       |       |       |       |       |       |     4 ||     4
       Box of beasts     |       |       |       |       |       |       |       |       |     3 ||     3
       Phantom mirror    |       |       |       |       |       |       |       |       |     1 ||     1
  Use: Potion            |       |       |     4 |       |     1 |     8 |     6 |     4 |    21 ||    44
       Scroll            |       |       |    12 |     4 |    14 |     8 |    11 |     7 |    44 ||   100
 Stab: Invisible         |       |       |       |     2 |       |       |       |     9 |    66 ||    77
       Distracted        |       |       |       |       |       |     2 |       |       |     4 ||     6
       Sleeping          |       |       |       |       |       |       |     1 |       |       ||     1
       Confused          |       |       |       |       |       |       |       |     1 |       ||     1
  Eat: Chunk             |       |     7 |    15 |    30 |    30 |    24 |    24 |    25 |    62 ||   217
       Ration            |       |       |       |     1 |     3 |     3 |     3 |     3 |    50 ||    63
Armor: Scale mail        |    70 |   198 |   216 |       |   666 |   899 |       |       |       ||  2049
       Chain mail        |       |       |   202 |   798 |   394 |    10 |    26 |       |       ||  1430
       Quicksilver drago |       |       |       |       |       |    62 |       |       |       ||    62
       Plate armour      |       |       |       |       |       |       |  1398 |  1033 |  3954 ||  6385
Dodge: Dodged            |    71 |   144 |   214 |   349 |   579 |   496 |   549 |   431 |  2939 ||  5772
       Deflected         |       |       |       |       |       |       |     6 |    72 |    80 ||   158
Block: Shield            |       |    58 |   386 |   755 |   495 |       |       |       |       ||  1694
       Large shield      |       |       |       |       |   230 |  2360 |  3441 |  2968 | 16756 || 25755
